Workbook

Sheet README
A1: This appendix provides the detailed results of the review of the applications of the Nature Futures Framework prepared for the article: "Catalyzing change: A literature review on the implementation of the Nature Futures Framework"
A2: The dataset of the results of the systematic search of journal articles mentioning or applying the Nature Futures Framework was downloaded from Scopus on 12 January 2024, and is provided in sheet "Scopus search".
A3: The detailed review of the NFF applications was conducted only on the articles that were classified as "using the NFF".
A4: The set of literature mentioning or using the Nature Futures Framework may have been updated since the creation of this sheet. To obtain the most recent information on applications of the Nature Futures Framework, the authors recommend accessing the public online library maintained by IPBES at: https://www.zotero.org/groups/4937409/nature_futures_framework/library
A5: The background on the Nature Futures Framework and its methodological guidance are available from https://zenodo.org/doi/10.5281/zenodo.8171338.

Sheet code
A1: Review categories | B1: Code | D1: Notes and definitions on the coding used
A2: Publication ID (citation, doi) | D2: The authors used the short citation and DOI for identification of the reviewed source.
A3: Paper title | D3: Full title of the reviewed source
A4: Publication type | B4: Scientific article | D4: Only scientific articles identified through a systematic search on Scopus were covered by this synthesis study.
B5: Thesis - Master of Science | D5: These categories of publication types were considered 'grey literature', and were only considered as information for understanding the broader context of the uptake of the NFF
B6: Thesis - Doctorate
B7: Book
B8: Article - other
B9: Workshop report
B10: Report
B11: Correspondence
B12: Announcement
A13: Publication year | D13: As identified in reviewed source
A14: Publisher | D14: As identified in reviewed source
A15: Boundary | B15: In which year was the scenario development or other forms of NFF use conducted? | C15: 2023 | D15: As the review targeted sources that apply the NFF, only publications produced after the development of the NFF were captured.
C16: 2022
C17: 2021
C18: 2020
C19: 2019
B20: What year do the scenarios portray? (time horizon) - if applicable | D20: This category was only filled for cases where the NFF application consisted of scenario development.
B21: Location of the study | D21: As identified in reviewed source
B22: Region (1-5) | C22: Africa | D22: The region(s) corresponding to the location(s) of the study were identified to gain an overview of the global distribution of NFF applications. To cover studies that applied the NFF in more than one location, the authors recorded up to 5 regions. Studies with a global scope were not assigned a specific region.
C23: Asia-Pacific
C24: Western Europe
C25: North America
C26: Eastern Europe
C27: Latin America + Caribbean
C28: International waters
B29: Spatial scale (1-5) | C29: <100 ha or <1km on edge - such as a small area of a landscape | D29: The size on edge was used as a rough estimate of the spatial scale of the NFF application. Descriptions and examples were included in the code solely to assist authors in estimating the corresponding scale for the reviewed study, but the numerical values were used as the main reference. Studies not tied to specific locations but discussing further development of the framework, or exploring how to apply it to a type of environment (e.g., cities, freshwater), were categorised as "Conceptual" in scale. To cover studies that applied the NFF at various scales, the authors recorded up to 5 scales.
C30: <10 km on edge - such as a small landscape or city scape (e.g. city center)
C31: <50 km on edge - such as a large landscape or city scape (e.g. Sao Paulo)
C32: 50-200 km on edge - such as a small country (e.g. Trinidad or Taiwan)
C33: 201-2000 km - such as a medium country (e.g. Zimbabwe or Germany)
C34: >2000 km on edge - such as an International Region (e.g. Western European or Africa)
C35: Global
C36: Conceptual
A37: Ecosystems | B37: Main ecosystems that make up a significant part of the study region (1-3) (based on Biosphere Futures database categories) | C37: Arid/semi-arid lands | D37: Ecosystems were divided into broad categories as used in Kuiper et al. (2024). Many studies focused on more than one ecosystem type, so the authors identified 3 main ecosystems covered in the study.
C38: Coastal/marine areas
C39: Croplands/large scale agriculture
C40: Deep water/high sea area
C41: Forests
C42: Grasslands/Rangelands
C43: Mountains
C44: Polar areas
C45: Remote/Non-human dominated areas
C46: Small scale agriculture & villages
C47: Urban and suburban areas
C48: Water bodies (lakes/rivers/wetlands)
A49: NFF experience | B49: What is the NFF used for in the publication - findings | D49: The authors summarised in a few sentences how the NFF was applied in the reviewed study.
B50: Categorization of use of NFF (1-3) (based on Biosphere Futures NFF application categories) | C50: Exploration tool | D50: The uses of the NFF were categorised following Kuiper et al. (2024). The categories of uses are not mutually exclusive, so some reviewed studies had combined more than one type of use within their research.
C51: Classification tool
C52: Translating scenarios
C53: Developing visions and scenarios
C54: Adapting and developing models
C55: Discussing the NFF
B56: Limitations on the use of the NFF (main limits and challenges identified by the authors of the reviewed source) | D56: The authors extracted and summarised the limitations and challenges on the use of the NFF if these were raised by the reviewed study.
B57: Feedback on the NFF | D57: The authors summarised the overall observations made by the reviewed study regarding the NFF.
A58: Notes on transformative change | B58: Did the paper explicitly mention transformative change? | C58: Yes | D58: The authors recorded instances where the reviewed studies explicitly mentioned the concept of transformative change. Variations of the terminology included: transformative change, transformative action, transformation, transforming society.
C59: No
B60: How, if any, were connections made to transformative change? (Only needed if explicit mention has been made in the source) | D60: When the reviewed study explicity made reference to transformative change, the authors noted down how connections were made to this topic.
A61: GBF and SDGs (Only to capture if explicitly mentioned) | B61: Did the paper explicitly address the Kunming-Montreal Global Biodiversity Framework? | C61: Yes | D61: The authors recorded whether or not the reviewed study made explicit reference to the Kunming-Montreal Global Biodiversity Framework. Variations included: 2050 Vision “Living in harmony with nature”, Aichi-targets, post-2020 GBF, or the Kunming-Montreal GBF.
C62: No
B63: Notes on how the GBF was addressed | D63: When the reviewed study explicity made reference to the GBF, the authors noted down how connections were made to this topic.
B64: Did the paper explicitly address SDGs? | C64: Yes | D64: The authors recorded whether or not the reviewed study made explicit reference to the Sustainable Development Goals. Variations included: Sustainable Development Goals (SDGs), the UN Agenda 2030. General mentions of sustainable development without linkage to the UN framework were not regarded as reference to the SDGs.
C65: No
B66: Notes on how the SDGs were addressed | D66: When the reviewed study explicity made reference to the SDGs, the authors noted down how connections were made to this topic.
A67: Stakeholder engagement | B67: In which stage(s) of scenario-building or other NFF application were stakeholders engaged? (if any) | D67: The authors described briefly in what way stakeholders were engaged in the reviewed study.
B68: How many people were engaged? | D68: This section was filled only when the information was made available within the study.
B69: Diversity of stakeholders - Who substantially contributed to the study? Mark all that apply. (1-10) (based on Biosphere Futures database, with adjustments) | C69: Artists | D69: When the reviewed study made explicit the type of stakeholders engaged in the application of the NFF, the authors recorded the most fitting types using the categories developed by Kuiper et al. (2024). The category of 'Educators/teachers/trainers' was added by the authors, as other categories from the Biosphere Futures database did not cover this type of stakeholder.
C70: Business representatives
C71: Citizens
C72: Civil society organizations
C73: Educators/teachers/trainers
C74: Farmers/foresters/fisherfolk
C75: Indigenous groups
C76: Natural resource managers
C77: Policymakers
C78: Researchers
C79: Youth/children
C80: n/a
B81: Was there a participant selection process? | D81: When the reviewed study described the process leading to the identification or selection of people engaged in the study, the authors recorded this with a brief description.
A82: Approach/method | B82: Approach used in the NFF application (indicate all that apply) (1-7) (based on Biosphere Futures database categories) | C82: Art-based practices | D82: The authors recorded the types of approaches used in the reviewed study, where that information was available. Multiple approaches were recorded if the reviewed study had combined them. The categories of approaches were based on Kuiper et al. (2024). N.B. "Mapping" was interpreted as including not only spatial mapping but also methods to map out the connections between different elements of a system into a diagram, e.g., causal loop diagrams, cognitive fuzzy maps, etc.
C83: Desktop study
C84: Games
C85: Mapping
C86: Modelling
C87: Surveys & interviews
C88: Workshops & deliberation
A89: Results/products | B89: What types of results were produced? (indicate all that apply) (1-16) (based on Biosphere Futures database categories, with adjustments) | C89: Booklet/other publication(s) | D89: The authors recorded the types of results produced by the reviewed study, where that information was available. Multiple results were recorded as relevant. The categories of results were adjusted from Kuiper et al. (2024), with an additional differentiation between "Storyline(s) (with time component)" and "Narrative(s) (no time component)". The category of "Map(s)" refers to visual representations of physical locations and spatial distributions, whereas studies which employed "Mapping" as an "Approach/method" in the preceding section often presented results in the form of "Drawing(s)/diagram(s)".
C90: Collage(s)
C91: Drawing(s)/diagram(s)
C92: Map(s)
C93: Narrative(s) (no time component)
C94: Oral presentation(s)
C95: Poster(s)
C96: Quantitative analyses
C97: Quantitative changes in key variables in data set(s) (e.g. land cover; income)
C98: Radio play/podcast(s)/other audio output
C99: Scientific publication(s)
C100: Storyline(s) (with time component)
...

Sheet review
F1: Boundary | O1: Ecosystems | R1: NFF experience | X1: Notes on transformative change | Z1: GBF and SDGs (Only to capture if explicitly mentioned) | AD1: Stakeholder engagement | AP1: Approach/method | AU1: Results/products | BA1: Qualitative NFF applications incl. qualitative scenarios/narratives | BG1: Modelling/quantification | BN1: Scenario types (either developed or used in the NFF application) | BS1: Policy cycle stages (that the NFF application contributes to)
A2: Publication ID | B2: Title | C2: Publication type | D2: Publication year | E2: Publisher | F2: In which year was the scenario development or other forms of NFF use conducted? | G2: What year do the scenarios portray? (time horizon) - if applicable | H2: Location of the study | I2: Count of map elements (Figure 2) | J2: Region 1/5 | K2: Region 2/5 | L2: Spatial scale 1/5 | M2: Spatial scale 2/5 | N2: Spatial scale 3/5 | O2: Main ecosystems that make up a significant part of the study region 1/3 (based on Biosphere Futures database categories) | P2: Main ecosystems 2/3 | Q2: Main ecosystems 3/3 | R2: What is the NFF used for in the publication - findings | S2: Categorization of use of NFF 1/3 (based on Biosphere Futures NFF application categories) | T2: Categorization of use of NFF 2/3 | U2: Categorization of use of NFF 3/3 | V2: Limitations on the use of the NFF (main limits and challenges identified by the authors) | W2: Feedback on the NFF | X2: Did the paper explicitly mention transformative change? | Y2: How, if any, were connections made to transformative change? (Only needed if explicit mention has been made in the source) | Z2: Did the paper explicitly mention the Kunming-Montreal Global Biodiversity Framework? | AA2: Notes on how the GBF was addressed | AB2: Did the paper explicitly mention SDGs? | AC2: Notes on how the SDGs were addressed | AD2: In which stage(s) of scenario-building or other NFF application were stakeholders engaged? (if any) | AE2: How many people were engaged? | AF2: Diversity of stakeholders - Who substantially contributed to the study? Mark all that apply. 1/10 (based on Biosphere Futures database, with adjustments) | AG2: Diversity 2/10 | AH2: Diversity 3/10 | AI2: Diversity 4/10 | AJ2: Diversity 5/10 | AK2: Diversity 6/10 | AL2: Diversity 7/10 | AM2: Diversity 8/10 | AN2: Diversity 9/10 | AO2: Was there a participant selection process? | AP2: Approach used in the NFF application (indicate all that apply) 1/7 (based on Biosphere Futures database categories) | AQ2: Approach 2/7 | AR2: Approach 3/7 | AS2: Approach 4/7 | AT2: Approach 5/7 | AU2: What types of results were produced? (indicate all that apply) 1/16 (based on Biosphere Futures database categories, with adjustments) | AV2: Results 2/16 | AW2: Results 3/16 | AX2: Results 4/16 | AY2: Results 5/16 | AZ2: Results 6/16 | BA2: Which value perspectives were considered in the NFF application? (e.g., within visions or qualitative scenarios) (indicate all that apply) 1/3 | BB2: Value perspectives - qualitative 2/3 | BC2: Value perspectives - qualitative 3/3 | BD2: Which narrative development approach was used? (common & specific features, three horizons, etc.) - if applicable | BE2: Are there any misunderstandings on the value perspectives? | BF2: Did the study explicitly mention the NCPs or engagage with the NCPs? | BG2: Was modelling/quantification used in the application of the NFF? | BH2: Which value perspectives were considered in modelling/quantification? (indicate all that apply) 1/3 | BI2: Value perspectives - modelling 2/3 | BJ2: Value perspectives - modelling 3/3 | BK2: How were the value perspectives considered in the modelling/quantification exercise? | BL2: How were the narratives quantified? (if applicable) | BM2: Which parts were quantified? | BN2: Exploratory | BO2: Target-seeking | BP2: Policy-screening | BQ2: Retrospective policy evaluation | BR2: Remarks | BS2: Agenda setting | BT2: Policy design | BU2: Policy Implementation | BV2: Policy review
A3: Alexander et al., 2023, DOI: https://doi.org/10.1007/s11625-023-01415-z | B3: Mapping the shared socio-economic pathways onto the Nature Futures Framework at the global scale | C3: Scientific article | D3: 2023 | E3: Sustainability Science Journal | F3: 2023 | G3: 2100 | H3: Global | I3: Global | L3: Global | O3: Croplands/large scale agriculture | P3: Forests | R3: The SSPs were mapped onto the NFF, to assess how the SSPs score on various aspects of nature (that could be quantified with the available models and data) | S3: Translating scenarios | V3: In this study only the three value perspectives of the NFF are used, not the entirior space. The authors present various reflections on how to operationalize NFF and its values perspectives, e.g. on how to specify normative targets; aggregating and weighing of values. And: "NFF only considers values perspectives related to nature and does not account for other individual and societal values". | W3: Extending the NFF from a triangle with three dimensions reflecting three nature value perspectives to a polygon with multiple dimensions, to include non-nature values. | X3: No | Y3: - | Z3: No | AB3: No | AD3: NA | AE3: NA | AP3: Desktop study | AQ3: Modelling | AR3: Mapping | AU3: Quantitative analyses | AV3: Scientific publication(s) | AW3: Drawing(s)/diagram(s) | BA3: Nature as Culture | BB3: Nature for Nature | BC3: Nature for Society | BD3: SSP narratives were used | BE3: It can be debated whether the proxy indicators used to define the NaC value perspective, in the study translated to "cultural services and health" capture the true spirit of this perspective. But this is partly because the indicators to characterize the NFF perspectives were chosen partly based on available data and model outputs. | BF3: No | BG3: Yes | BH3: Nature as Culture | BI3: Nature for Nature | BJ3: Nature for Society | BK3: It were actually the SSP scenarios that were modeled and quantified, and assessed against target values for the indicators describing the NFF perspectives, to analyze how well the SSPs perform in terms of the NFF. | BL3: model | BM3: NCP | BN3: Exploratory | BO3: Target-seeking | BS3: Agenda setting | BT3: Policy design
A4: Dasgupta & Shakya, 2023, DOI: https://doi.org/10.1007/s10113-022-02022-x | B4: Ecosystem services as systemic enablers for transformation in the Hindu Kush Himalaya: an analytical synthesis | C4: Scientific article | D4: 2023 | E4: Regional Environmental Change Journal | F4: 2021 | G4: - | H4: Hindu Kush Himalaya region (straddling 8 countries across Central and South Asia - Afghanistan, Bangladesh, Bhutan, China, India, Myanmar, Nepal and Pakistan) | I4: Regional --> sub-region of HKH represented as 1 regional count | J4: Asia-Pacific | L4: >2000 km on edge - such as an International Region (e.g. Western European or Africa) | O4: Mountains | P4: Small scale agriculture & villages | Q4: Remote/Non-human dominated areas | R4: The NFF is used to develop an analytical framework that takes an ecosystem services centric approach that allows for transformative change in the region. The framework consists of three pillars corresponding to the different value perspectives of the NFF. Corresponding to the three pillars, three pathways are formulated in which actions and strategies are considered to pursue the respective value perspective. | S4: Developing visions and scenarios | V4: – | W4: The NFF was seen as an appropriate tool for developing a ‘prosperous’ future scenario for the region, allowing for strategies and actions that can be aimed for. | X4: Yes | Y4: Yes, the aim of the study was 'to examine the scope for an ecosystem services centric approach to foster human-nature relationships and lead to transformative change in the Hindu Kush Himalaya region'. Transformative change for the region is defined as change that is 'sweeping and strategic; aims at conserving, restoring and sustainaby using nature' | Z4: Yes | AA4: The CBD only mentioned as context. | AB4: Yes | AC4: Pathways to improve ecosystem services are explicitly placed in the context of the sustainable development agenda, particularly the SDGs direct related to relevant SDGs, but at the goal level, and results are not compared/quantified. | AD4: NA | AE4: NA | AP4: Desktop study | AQ4: Mapping | AU4: Scientific publication(s) | AV4: Drawing(s)/diagram(s) | AW4: Narrative(s) (no time component) | BA4: Nature for Society | BB4: Nature for Nature | BC4: Nature as Culture | BF4: Yes, but the focus is on the concept of ecosystem services, and no specific NCP's are mentioned. | BG4: No | BO4: Target-seeking | BP4: Policy-screening | BR4: Three ecosystem services‑oriented action pathways to achieve regional sustainability are presented. | BS4: Agenda setting | BT4: Policy design
A5: Dou et al., 2023, DOI: https://doi.org/10.1016/j.gloenvcha.2023.102766 | B5: Using the Nature Futures Framework as a lens for developing plural land use scenarios for Europe for 2050 | C5: Scientific article | D5: 2023 | E5: Global Environmental Change Journal | F5: 2023 | G5: 2050 | H5: Europe | I5: Regional --> Europe | J5: Western Europe | K5: Eastern Europe | L5: >2000 km on edge - such as an International Region (e.g. Western European or Africa) | O5: Croplands/large scale agriculture | P5: Forests | Q5: Grasslands/Rangelands | R5: As a lens for developing plural land use scenarios | S5: Developing visions and scenarios | W5: Additional reflection is required on our use of a single variable to capture the normative value guiding nature management in each NFF perspective (e.g., carbon sequestration was used to guide the prioritization of protected area expansion, representing the valued delivery of ecosystem services in a Nature for Society scenario), while multiple value criteria can (and likely would be) used to guide the implementation of sustainability targets following a participatory process (or, in other words, how much value representation must there be to create a useful NFF scenario, knowing that many values and implications will also be omitted as scenarios and models will always be simplifiations of reality? | X5: Yes | Y5: Achieving the sustainability targets will imply/require a transformation of (various) European landscapes. | Z5: Yes | AA5: Quantitative targets from post-2020 GBF were used as inputs for the scenarios (showing that achieving these targets can be done in different ways, resulting in different futures). | AB5: No | AD5: NA | AE5: NA | AP5: Modelling | AQ5: Desktop study | AR5: Mapping | AU5: Map(s) | AV5: Drawing(s)/diagram(s) | AW5: Quantitative changes in key variables in data set(s) (e.g. land cover; income) | AX5: Quantitative analyses | AY5: Scientific publication(s) | BA5: Nature as Culture | BB5: Nature for Nature | BC5: Nature for Society | BD5: SSP1 as a baseline, to which some common and specific features were added to create different NFF scenarios. | BE5: No | BF5: Yes, but mostly indirectly, with only one NCP explicitly addressed (climate change mitigation). | BG5: Yes | BH5: Nature as Culture | BI5: Nature for Nature | BJ5: Nature for Society | BK5: They were used to define different land use scenarios | BL5: model | BM5: direct drivers | BN5: Exploratory | BO5: Target-seeking | BP5: Policy-screening | BR5: Different NFF scenarios that seek to achieve sustainability targets, but also are different in their outcomes. | BS5: Agenda setting | BT5: Policy design
A6: Dunn-Capper et al., 2023, DOI: https://doi.org/10.1007/s11625-023-01337-w | B6: Diverse approaches to nature recovery are needed to meet the varied needs of people and nature | C6: Scientific article | D6: 2023 | E6: Sustainability Science Journal | F6: 2023 | H6: UK | I6: Local --> UK | J6: Western Europe | L6: <10 km on edge - such as a small landscape or city scape (e.g. city center) | O6: Small scale agriculture & villages | P6: Forests | R6: The study conducted participatory multicriteria mapping with stakeholders on the Downland Estate of Brighton and Hove to elicit their values for nature recovery against the NFF value perspectives. Participants defined their own criteria for assessing the performance of various nature recovery options. These criteria were then scored for each of the Nature Futures value perspectives, allowing a mapping of the values held by stakeholders and a ranking of the options against those values. | S6: Classification tool | V6: – | W6: NFF perspectives are inherently overlapping in space, which meant there was more flexibility in classifying criteria. For instance, biodiversity criteria are often mapped to both NN and NS perspectives, as they contain not only social values, but also the concepts around the benefits that this biodiversity will bring to people, e.g. pollination services. This overlapping nature of the NFF better incorporates the plurality of ways in which people assess the nature recovery value than the ecosystem service approach, in which the more rigid nature of the categories (SRES, PES, CES) can make it difficult to classify criteria for which the participant description covers a broad range of values and issues. | X6: No | Y6: - | Z6: Yes | AA6: Only mentioned as context to introduce the NFF. | AB6: Yes | AC6: Only mentioned as context to introduce the NFF. | AD6: Stakeholders were asked to define their own criteria for assessing various nature recovery options, and then to rank the options according to their criteria | AE6: 13 | AF6: Farmers/foresters/fisherfolk | AG6: Civil society organizations | AH6: Educators/teachers/trainers | AI6: Researchers | AJ6: Natural resource managers | AO6: A local expert, actively involved in the consultation process, helped identify suitable participants for this study. | AP6: Surveys & interviews | AQ6: Workshops & deliberation | AR6: Mapping | AU6: Scientific publication(s) | AV6: Drawing(s)/diagram(s) | AW6: Quantitative analyses | BA6: Nature as Culture | BB6: Nature for Nature | BC6: Nature for Society | BD6: N/A | BE6: No | BF6: No | BG6: No | BS6: Agenda setting | BT6: Policy design
A7: Durán et al., 2023, DOI: https://doi.org/10.1007/s11625-023-01316-1 | B7: Bringing the Nature Futures Framework to life: creating a set of illustrative narratives of nature futures | C7: Scientific article | D7: 2023 | E7: Sustainability Science Journal | F7: 2020 | H7: Global | I7: Global | L7: Global | R7: The study provides an example of how the Nature Futures Framework can be implemented for the development of illustrative narratives representing a diversity of desirable nature futures. | S7: Developing visions and scenarios | T7: Translating scenarios | V7: - It is important to capture the relativity between value perspectives consistently, not just in narrative description, but also in quantification. - Incorporating additional methodological steps to better track the underlying value assumptions contributed by each participant would be beneficial to acknowledge and address biases. - Deciding on the border between desirable and undesirable futures requires broad participation. - Improving existing models of nature and nature’s contributions to people and integrating them is important to facilitate the further development of the narratives in line with the Nature Futures Framework | W7: A messy combination of all three value perspectives can exist within the framework. This does not limit the development of narratives around the edges of the triangle, but encourages a plural interpretation of what can happen inside, relative to each corner. Illustrative elements do not need to be specific to a certain Nature Futures Framework space; even in the same space of the triangle, different narratives can be written. The Nature Futures Framework could also be used as a framework of scenario archetype analysis or to assess underlying value perspectives and their implications within existing future scenarios, and to modify them to become more nature positive. | X7: Yes | Y7: The study intentionally explored the more radical transformative changes that may be needed, as a starting point to realise how open the future is, and to describe what futures could emerge from such radical interventions, so that more quantitative analysis can follow. | Z7: Yes | AA7: Does not use the terminology of the "GBF" but rather CBD targets and goals. The study is explicitly presented as an approach to explore what it means to achieve CBD's vision of 'living in harmony with nature'. | AB7: Yes | AC7: SDGs mentioned as common features that could be considered desirable across the futures. Futures where SDGs were met was considered as a starting point. | AD7: The study itself was not done via stakeholder participation but the visions used were formulated through a participatory process. | AE7: 33 | AF7: Researchers | AO7: No, the study itself was closed to the task force on scenarios and models | AP7: Workshops & deliberation | AQ7: Desktop study | AR7: Mapping | AU7: Narrative(s) (no time component) | AV7: Drawing(s)/diagram(s) | AW7: Collage(s) | AX7: Booklet/other publication(s) | AY7: Scientific publication(s) | BA7: Nature as Culture | BB7: Nature for Nature | BC7: Nature for Society | BD7: Paired comparison among narratives to extract and summarise specific differences and similarities | BE7: No | BF7: Yes, but without specifying individual NCPs/quantification | BG7: No | BN7: Exploratory | BO7: Target-seeking | BS7: Agenda setting | BT7: Policy design
A8: Haga et al., 2023, DOI: https://doi.org/10.1007/s11625-023-01301-8 | B8: Modeling desirable futures at local scale by combining the nature futures framework and multi-objective optimization | C8: Scientific article | D8: 2023 | E8: Sustainability Science Journal | F8: 2022 | G8: 2015 - 2100 | H8: Japan | I8: Local --> Japan | J8: Asia-Pacific | L8: <50 km on edge - such as a large landscape or city scape (e.g. Sao Paulo) | O8: Forests | P8: Grasslands/Rangelands | Q8: Water bodies (lakes/rivers/wetlands) | R8: The authors developed a protocol for applying the NFF to scenarios and models at a landscape scale with 3 specifications: ‘(1) exploring nature‑positive futures, (2) seeking alternative pathways for targets satisfying visions of plural values, and (3) screening key direct drivers to achieve the targets.’ This study also includes a modelling case study in Japan, to assess the utility of the proposed protocol. | S8: Adapting and developing models | T8: Translating scenarios | U8: Developing visions and scenarios | V8: It is a challenge to assign NFF indicators to relational values ascribed to nature. A protocol for mapping existing local strategies, such as environmental and sustainability policies, to the NFF, helps in operationalizing the NFF at the local scale. | W8: This study shows that the NFF can be applied to existing landscape change modeling to analyze the interlinkages between diferent visions constrained by biodiversity conservation goals.' | X8: Yes | Y8: Yes it was discussed how modelling of the NFF and developing nature-positive scenarios can support tranformative change. It is important to connect with models of indirect drivers (coupling with socioecological models) to quantify pahtways of transformative change. | Z8: Yes | AA8: One nature recovery target is used to screen for strategies to be analysed using the NFF. | AB8: Yes | AC8: Used in the introduction and discussion for some context. | AD8: NA | AE8: NA | AP8: Modelling | AQ8: Desktop study | AR8: Mapping | AU8: Scientific publication(s) | AV8: Drawing(s)/diagram(s) | AW8: Narrative(s) (no time component) | AX8: Quantitative changes in key variables in data set(s) (e.g. land cover; income) | AY8: Quantitative analyses | BA8: Nature as Culture | BB8: Nature for Nature | BC8: Nature for Society | BD8: Common & specific features | BF8: Yes, but minimally defined. | BG8: Yes | BH8: Nature as Culture | BI8: Nature for Nature | BJ8: Nature for Society | BK8: LANDIS-II Forest landscape model was used to simulate the effect of different plausible strategies for forest and pasture management on several indicators. The indicators where chosen based on narratives for the study site corresponding to the three value perspectives. The indicators where then integrated/grouped into a common, NN, NC and NS indicator respectively. The common indicator was used to distinguish nature-positive scenarios. The indicators corresonding to value perspectives where used to assess the performance of scenarios in the NFF space. A distinction was made between pareto optimal solutions and dominated strategies. Their trajectories over time in the NFF space were simulated. | BL8: both | BM8: direct drivers | BN8: Exploratory | BO8: Target-seeking | BP8: Policy-screening | BS8: Agenda setting | BT8: Policy design | BU8: Policy implementation
A9: Kim et al., 2023, DOI: https://doi.org/10.1016/j.gloenvcha.2023.102681 | B9: Towards a better future for biodiversity and people: Modelling Nature Futures | C9: Scientific article | D9: 2023 | E9: Global Environmental Change Journal | F9: 2019 | G9: - | H9: Conceptual with global scope | I9: Not represented, to be mentioned in text | L9: Conceptual | R9: The study describes how the NFF can be applied in modelling to support decision-making. | S9: Adapting and developing models | T9: Discussing the NFF | V9: Models to quantify NFF-based scenarios are limited in how they capture important aspects, such as multiple values and social-ecological feedbacks. | W9: The study states that the NFF bridges knowledge systems and communities of practice through continuous dialogue, creating a culture of stakeholder-driven scenario development and their co‑implementation, while maintaining minimum consistency and comparability among scenarios. | X9: Yes | Y9: Discusses how the NFF intends to support transformative change, pointing to the need for scenarios and models to describe societal transformations | Z9: Yes | AA9: Several GBF goals, targets and indicators are used to illustrate how NFF scenarios can be operationalized. GBF also mentioned to explain how NFF scenarios can be useful for global policy. | AB9: Yes | AC9: Several SDG target indicators are used to illustrate how NFF scenarios can be operationalized. | AD9: Scenario and modelling experts from the broader research communities participated in workshops that provided the source material for this paper | AE9: 50 | AF9: Researchers | AO9: IPBES criteria/nomination process | AP9: Workshops & deliberation | AQ9: Desktop study | AR9: Mapping | AU9: Scientific publication(s) | AV9: Technical report(s) | AW9: Drawing(s)/diagram(s) | BA9: Nature as Culture | BB9: Nature for Nature | BC9: Nature for Society | BF9: Yes, but not quantified. | BG9: No | BH9: Nature as Culture | BI9: Nature for Nature | BJ9: Nature for Society | BK9: Only conceptually/qualitatively | BN9: Exploratory | BO9: Target-seeking | BP9: Policy-screening | BQ9: Retrospective policy evaluation | BS9: Agenda setting | BT9: Policy design | BU9: Policy implementation | BV9: Policy review
A10: Kluiving and Waterman, 2023, DOI: https://doi.org/10.3390/land12050990 | B10: The Anthropocene in the Aspiring UNESCO Global Geopark Schelde Delta Area: Geological History, Human Resilience and Future Landscape Management | C10: Scientific article | D10: 2023 | E10: Land Journal | F10: 2023 | H10: Flemish-Dutch Schelde Delta (three Flemish provinces of Belgium (Antwerpen, Oost-Vlaanderen and West-Vlaanderen) + two provinces of the Netherlands (Zeeland and the western part of Noord-Brabant)) | I10: Local --> counted as Belgium (1) and Netherlands (1) | J10: Western Europe | L10: 50-200 km on edge - such as a small country (e.g. Trinidad or Taiwan) | O10: Coastal/marine areas | P10: Water bodies (lakes/rivers/wetlands) | R10: The study only suggests the application of the NFF in the Schelde Delta area following an iterative process of stakeholder participation (mainly targeting tourism users of the area), but does not complete the step to apply the framework itself or develop any scenarios. The study proposes to populate the NFF triangle with examples of how nature values are represented in different regions of the aUGGP Schelde Delta, across local scales, and how they could change in the future, following the iterative cycle of stakeholder engagement described in Pereira et al. (2020). | S10: Discussing the NFF | V10: – | W10: The study states that "the iterative process of Nature Futures has the attractive value that it invites visitors and users of the landscape and the water to reflect on the type of nature values and the choice or selection of a sustainable society for itself". (However, the study does not actually proceed further with applying the NFF - thus this feedback is more of an expectation towards the NFF) | X10: Yes, only for context | Y10: Only mentioned in the background to situate the study in the context of the need for transformative action for nature. | Z10: No | AB10: No | AC10: Not SDGs as such. The revaluation and revitalisation of waterways are suggested as avenues for achieving 'sustainable development' in the discussion. | AD10: NA | AE10: NA | AP10: Desktop study | AU10: Scientific publication(s) | BF10: No | BG10: No | BN10: Exploratory | BO10: Target-seeking | BP10: Policy-screening | BS10: Agenda setting | BT10: Policy design
A11: Kramer et al., 2023, DOI: https://doi.org/10.1007/s11625-023-01341-0 | B11: New paths for modelling freshwater nature futures | C11: Scientific article | D11: 2023 | E11: Sustainability Science Journal | F11: 2023 | G11: - | H11: Conceptual with focus on freshwater ecosystems | I11: Not represented, to be mentioned in text | L11: Conceptual | O11: Water bodies (lakes/rivers/wetlands) | R11: The NFF was presented and operationalized in the context of modelling freshwater ecosystems | S11: Discussing the NFF | T11: Adapting and developing models | V11: Few models readily available to capture NaC. But that's also a bit of the point of the NFF, to stimulate development in that direction. But large gaps remain between NFF and freshwater modelling communities of practice. | W11: Developing NFF based scenarios and models inherently requires collaborartion and integration across disciplines, which is inherently difficult (and the NFF does not really help with that, besides pointing to the importance and the challenge). Guidence needed is needed for developing scenarios and models that combine and integrate the different value perspectives. | X11: Yes | Y11: The NFF is introduced as a tool that allows the exploration of transformative pathways. | Z11: Yes | AA11: The CBD 2050 Vision “Living in harmony with nature” is mentioned in the introduction to provide context. | AB11: Yes | AC11: Only to describe other studies that have combined the NFF with SDGs. | AD11: NA | AE11: NA | AF11: Artists | AP11: Desktop study | AU11: Scientific publication(s) | BA11: Nature as Culture | BB11: Nature for Nature | BC11: Nature for Society | BF11: Yes, but without specifying individual NCPs/quantification | BG11: Yes | BH11: Nature as Culture | BI11: Nature for Nature | BJ11: Nature for Society | BK11: Only conceptually | BN11: Exploratory | BO11: Target-seeking | BS11: Agenda setting | BT11: Policy design
A12: Lahoti et al., 2023, DOI: https://doi.org/10.1007/s11625-023-01338-9 | B12: Exploring bioproduction systems in socio-ecological production landscapes and seascapes in Asia through solution scanning using the Nature Futures Framework | C12: Scientific article | D12: 2023 | E12: Sustainability Science Journal | F12: 2023 | G12: - | H12: Local scales across three countries in Asia: specifically Japan, the Philippines and Indonesia | I12: Local --> counted as Japan (1), Philippines (1), and Indonesia (1) | J12: Asia-Pacific | L12: <10 km on edge - such as a small landscape or city scape (e.g. city center) | O12: Forests | P12: Croplands/large scale agriculture | Q12: Water bodies (lakes/rivers/wetlands) | R12: In this study a solution scanning approach was applied to review literature on bioproduction systems in socio-eocological production landscapes and seascapes (SEPLS) in Asia. The NFF was used to capture the values prioritized in the solution types and associated pathways. | S12: Classification tool | V12: - | W12: capturing the diverse values associated with a solution using NFF allowed for exploring solutions that enhance people’s connection to nature. The NFF allowed for identifying the determinants and pathways to achieve transformative change and understanding solutions that could stimulate deep leverage points in response to sustainability challenges' | X12: Yes | Y12: Yes, It was mentioned that the NFF allows for identifying determinants and pathways for achieving transformative change | Z12: No | AB12: Yes | AC12: SDGs briefly mentioned in the introduction and discussion to describe the context in which the concept of socio-ecological production landscapes and seascapes was developed. | AD12: NA | AE12: NA | AP12: Desktop study | AQ12: Mapping | AU12: Scientific publication(s) | AV12: Drawing(s)/diagram(s) | BA12: Nature as Culture | BB12: Nature for Nature | BC12: Nature for Society | BF12: No | BG12: No | BS12: Agenda setting | BV12: Policy review
A13: Mayer et al., 2023, DOI: https://doi.org/10.1007/s11625-023-01380-7 | B13: Operationalizing the Nature Futures Framework for ecological infrastructure | C13: Scientific article | D13: 2023 | E13: Sustainability Science Journal | F13: 2023 | G13: 2060 | H13: Switzerland | I13: Local --> Switzerland | J13: Western Europe | L13: 50-200 km on edge - such as a small country (e.g. Trinidad or Taiwan) | O13: Mountains | P13: Forests | Q13: Small scale agriculture & villages | R13: The study applies the NFF to formulate integrated normative and exploratory scenarios on the development of a functioning ecological infrastructure in Switzerland until 2060. It follows the two-stage participatory approach of elaborating positive visions with stakeholders in four regions of Switzerland, then collaborating with experts to create scenarios through literature research, workshops and a survey. | S13: Developing visions and scenarios | V13: Linking normative elements to predictions of highly uncertain global socio-economic and climatic developments was challenging. Development of global degrowth scenarios is also needed so that it can be used and scaled down by both climate and biodiversity research communities to develop internally consistent scenarios for desirable Nature Futures. | W13: The NFF was useful in two ways: 1. as a tool to distinguish vision-based scenario storylines along value axes, and 2. to gain a sense of possible future nature values that could emerge in non-positive scenarios (with no pro-active steps toward a desirable, functioning ecological infrastructure). Simplified frameworks such as the NFF are vital, not to target the extremes of one of the value perspectives, but to actually address nature values and incorporate them into models, policy decisions, and ultimately action. | X13: Yes | Y13: Participants were encouraged to embrace transformative thinking about the future while reflecting on the seeds for desirable futures | Z13: Yes | AA13: Briefly mentioned to place the study in the context of achieving the GBF | AB13: No | AC13: Not SDGs as such. Only sustainable development mentioned to introduce the study areas which "function as model regions for sustainable development". | AD13: Visioning and identification of key drivers of change | AE13: 57 stakeholders (visioning) and 11 experts on ecological infrastructure (3 horizons exercise to identify drivers) | AF13: Farmers/foresters/fisherfolk | AG13: Natural resource managers | AH13: Policymakers | AI13: Youth/children | AJ13: Educators/teachers/trainers | AK13: Civil society organizations | AL13: Business representatives | AM13: Researchers | AN13: Artists | AO13: Unknown | AP13: Workshops & deliberation | AQ13: Art-based practices | AR13: Desktop study | AS13: Surveys & interviews | AT13: Mapping | AU13: Scientific publication(s) | AV13: Storyline(s) (with time component) | AW13: Drawing(s)/diagram(s) | BA13: Nature as Culture | BB13: Nature for Nature | BC13: Nature for Society | BD13: Participatory visioning by stakeholders for the normative element and 3 horizons approach for the expert identification of key drivers of change | BE13: No | BF13: Yes, but qualitatively and no specific NCPs | BG13: No | BN13: Exploratory | BO13: Target-seeking | BS13: Agenda setting | BT13: Policy design
A14: Pereira et al., 2023, DOI: https://doi.org/10.1016/j.marpol.2023.105644 | B14: The living infinite: Envisioning futures for transformed human-nature relationships on the high seas | C14: Scientific article | D14: 2023 | E14: Marine Policy Journal | F14: 2021 | G14: Not specified | H14: Global (High Seas) | I14: Global | J14: International waters | L14: Global | O14: Deep water/high sea area | R14: The study defines transformative visions and pathways for the high seas in line with the three corners of the NFF. | S14: Developing visions and scenarios | V14: Participatory processes are resource-intensive, both in terms of time and finances. It is not possible to achieve complete inclusivity at the global level. | W14: The study states that the NFF could be used as a mechanism to include more “transformative energy” into the ways in which humans conceptualise the high seas and options for governing them. | X14: Yes | Y14: The study co-produced transformative visions and pathways, and explicitly discusses the power of storytelling for transformative change. | Z14: Yes | AA14: GBF briefly mentioned in the conclusion to place the study in GBF context | AB14: No | AC14: Not SDGs as such. Only sustainable development as part of the definition of transformative change. | AD14: During 4 subsequent workshops | AE14: 26 during the first workshop | AF14: Researchers | AG14: Artists | AH14: Business representatives | AI14: Civil society organizations | AJ14: Natural resource managers | AO14: Expert led participatory approach with people known by the main authors and the advisory committee, and snowballing from there. | AP14: Workshops & deliberation | AQ14: Art-based practices | AR14: Surveys & interviews | AS14: Games | AT14: Mapping | AU14: Scientific publication(s) | AV14: Narrative(s) (no time component) | AW14: Booklet/other publication(s) | AX14: Collage(s) | AY14: Drawing(s)/diagram(s) | AZ14: Map(s) | BA14: Nature as Culture | BB14: Nature for Nature | BC14: Nature for Society | BD14: Three horizons was the main method, complemented with various tools/excercises such as the ice-berg model, an exquisite corpse surrealist game, STEEP and more. | BF14: No | BG14: No | BN14: Exploratory | BO14: Target-seeking | BS14: Agenda setting
A15: Sarkki et al., 2023, DOI: https://doi.org/10.1016/j.biocon.2023.109958 | B15: “Rights for Life” scenario to reach biodiversity targets and social equity for indigenous peoples and local communities | C15: Scientific article | D15: 2023 | E15: Biological Conservation Journal | F15: 2023 | H15: Europe (Saami peoples' home region in northern Fennoscandia, especially Finland, as case study) | I15: Local --> Finland | J15: Western Europe | L15: 201-2000 km - such as a medium country (e.g. Zimbabwe or Germany) | O15: Polar areas | R15: The authors of this study proposed a novel scenario skeleton titled “Rights for Life”, which is intended to support the achievement of ambitious biodiversity targets in a socially equitable way, by focusing on the rights of nature and Indigenous Peoples and local communities.The study proposes governance approaches that could be used to achieve the “Rights for Life” scenario in a way that balances the value perspectives of “nature for nature”, “nature for society”, and “nature as culture”. | S15: Developing visions and scenarios | V15: The recognition of the knowledge and relational values of IPLCs by the “nature as culture” perspective may not suffice to reach social equity goals without strong explicit recognition of IPLCs' rights when implementing transformative policies. | W15: The study considers that instead of advocating policy objectives linked to each of the three value perspectives, it may be more constructive to consider policy objectives as being located between the three general value perspectives. | X15: Yes | Y15: Explicit recognition of IPLCs' rights together with the relational value perspective can ground identification of novel transformative policy options to halt biodiversity loss in a socially-equitable way. A first step to achieve tranformative change is to secure a clear recognition of Nature's and IPLCs' rights by policy. | Z15: Yes | AA15: GBF target is used to place a scenario in perspective, and GBF mentioned to provide general context | AB15: Yes | AC15: SDGs briefly discussed to provide context. | AD15: NA | AE15: NA | AO15: N/A | AP15: Desktop study | AQ15: Mapping | AU15: Scientific publication(s) | AV15: Drawing(s)/diagram(s) | BA15: Nature as Culture | BB15: Nature for Nature | BC15: Nature for Society | BD15: N/A | BE15: No | BF15: No | BG15: No | BO15: Target-seeking | BP15: Policy-screening | BS15: Agenda setting | BT15: Policy design | BU15: Policy implementation
A16: Shaikh & Hamel, 2023, DOI: https://doi.org/10.1007/s11625-023-01411-3 | B16: Identifying nature-positive futures in new cities: an application of the Urban Nature Futures Framework | C16: Scientific article | D16: 2023 | E16: Sustainability Science Journal | F16: 2023 | G16: - | H16: Indonesia | I16: Local --> Indonesia | J16: Asia-Pacific | L16: <10 km on edge - such as a small landscape or city scape (e.g. city center) | O16: Urban and suburban areas | R16: The NFF was used to analyze/assess existing policy and planning documents to understand how these address nature, specifically by asking what value perspectives are represented, and how these characterized by themes (initiatives, motivations). | S16: Classification tool | V16: 1) The NFF cannot easily be used for quantitative assessments. Only the relative proportion of NS, NN, and NC can be interpreted, as opposed to the actual (measurable) ambition of integrating nature into masterplans; 2) the subjectivity of capturing nature values from published information; as these documents were not written with the NFF in mind, it is often challenging to tease out the precise nature perspective of each code due to the lack of the statement of intention or rationale; 3)related to both these points is that the NFF does not come with a clear set of indicators against which content can be assessed. | W16: NFF has different strenghts and limitations for different policy stages (visioning, planning, implementation, maintanance). These can be better discussed. Other feedback relates to the limitations discussed (e.g. lack of indicators), and the need to compare against other tools and indices for measuring nature, such as IUCN’s Urban Nature Index. | X16: Yes | Y16: Reflects on how urban masterplans can be more ambitious and transformative based on results of applying the NFF. | Z16: No | AB16: No | AD16: NA | AE16: NA | AP16: Desktop study | AQ16: Mapping | AU16: Scientific publication(s) | AV16: Drawing(s)/diagram(s) | BA16: Nature as Culture | BB16: Nature for Nature | BC16: Nature for Society | BF16: Yes but only in the introduction | BG16: No | BN16: Exploratory | BS16: Agenda setting | BT16: Policy design | BV16: Policy review
A17: Stronge et al., 2023, DOI: https://doi.org/10.1007/s11625-022-01269-x | B17: Achieving soil health in Aotearoa New Zealand through a pluralistic values-based framework: mauri ora ki te whenua, mauri ora ki te tangata | C17: Scientific article | D17: 2023 | E17: Sustainability Science Journal | F17: 2021 | G17: - | H17: New Zealand | I17: Local --> New Zealand | J17: Asia-Pacific | L17: 201-2000 km - such as a medium country (e.g. Zimbabwe or Germany) | O17: Small scale agriculture & villages | P17: Croplands/large scale agriculture | R17: The NFF was used to analyse how New Zealand’s agricultural productive sectors express their relationship with soil and soil health. The results are consistent with work undertaken on Indigenous Māori perspectives of soil and soil health. | S17: Classification tool | V17: While the NFF broadens the perspective on, e.g. how soils are valued, the study considers it as a Western-centric framework. A crucial aspect of understanding and accounting for the holistic values and aspirations of Indigenous peoples is that those values, knowledge, and perspectives retain their own origin and integrity, and are not integrated or assimilated into Western science approaches. While the pluralistic values thinking presented in the NFF complements Indigenous Māori philosophy, knowledge, and values, the NFF only really provides an improved understanding of the plurality of Western values and their links to nature. | W17: The study states that ‘the strength of the NFF is that it encourages people to think more holistically about a plural set of values, especially those they assign to the environment’. The NFF enables a dialogue on values which enriches our understanding of soils and soil health. | X17: No | Y17: - | Z17: No | AB17: No | AD17: 26 people were interviewed. The NFF was used to interpret responses. | AE17: 26 people were interviewed. The NFF was used to interpret responses. The NFF was applied after data collection. | AF17: Farmers/foresters/fisherfolk | AG17: Indigenous groups | AH17: Researchers | AP17: Surveys & interviews | AU17: Scientific publication(s) | AV17: Drawing(s)/diagram(s) | BA17: Nature as Culture | BB17: Nature for Nature | BC17: Nature for Society | BF17: No | BG17: No | BS17: Agenda setting | BT17: Policy design
A18: De Bruin et al., 2022, DOI: https://doi.org/10.1016/j.envsci.2023.03.015 | B18: Perceptions of equity in conservation scenarios: Half Earth and Sharing the Planet | C18: Scientific article | D18: 2022 | E18: Environmental Science & Policy Journal | F18: 2022 | G18: - | H18: Global | I18: Global | L18: Global | R18: In this study, the NFF was used to evaluate experts’ attitudes to nature and the “Half Earth and Sharing the Planet” scenario, providing a simple representation of the diversity of respondents’ attitudes. | S18: Classification tool | T18: Translating scenarios | V18: – | W18: The study states that the NFF is a widely accepted IPBES framework, which has been developed to make the values of nature actionable for the modelling and scenarios community. | X18: Yes | Y18: The 'sharing the planet' scenario is examined in this study, and this narrative is described as transformative. But apart from that, transformation as such is not a central concept in this study. | Z18: Yes | AA18: Quite explicitly placed in the context of GBF. | AB18: No | AD18: NA | AE18: NA | AP18: Surveys & interviews | AQ18: Desktop study | AR18: Mapping | AU18: Scientific publication(s) | AV18: Drawing(s)/diagram(s) | BA18: Nature as Culture | BB18: Nature for Nature | BC18: Nature for Society | BF18: Yes, but only to introduce NFF | BG18: No | BN18: Exploratory | BO18: Target-seeking | BR18: The NFF is used to analyze/categorize two existing scenarios. So it's not used to develop scenarios,but it is a scenario study in which the NFF is used to explore implications of alternative futures. | BS18: Agenda setting | BT18: Policy design
A19: Diprose et al., 2022, DOI: https://doi.org/10.5334/cstp.442 | B19: Making Visible More Diverse Nature Futures through Citizen Science | C19: Scientific article | D19: 2022 | E19: Citizen Science: Theory and Practice Journal | G19: In this paper, the authors didn't develop scenarios based on NFF. | H19: New Zealand | I19: Local --> New Zealand | J19: Asia-Pacific | L19: 201-2000 km - such as a medium country (e.g. Zimbabwe or Germany) | O19: Urban and suburban areas | R19: The NFF is used to organize the results of a self-reported citizen science initiative, the New Zealand Garden Bird Survey (NZGBS). By using the NFF, the diverse values of nature that are fostered through the NZGBS are made visible. | S19: Classification tool | W19: The study states that using the NFF allows for better visibility and creates space for the relational values (nature as culture value perspective) that citizen science projects can foster. | X19: Yes | Y19: Highlights the potential contribution of citizen science to transformative change in the introduction. Then concludes by noting the benefit for citizen science to create space for people to reflect on their relationships with both nature and other people (as the NFF does) in order to support transformation. | Z19: No | AB19: No | AD19: In this paper, the authors didn't develop scenarios based on NFF. 9 people interviewed, 6746 people filled out a survey, a focus group with 8 people. The NFF was used to interpret the responses of participants. | AE19: 9 people interviewed, 6746 people filled out a survey, a focus group with 8 people. The NFF was used to interpret the responses of participants. | AF19: Civil society organizations | AG19: Citizens | AH19: Youth/children | AI19: Researchers | AJ19: Policymakers | AO19: No | AP19: Surveys & interviews | AQ19: Mapping | AU19: Drawing(s)/diagram(s) | AV19: Scientific publication(s) | AW19: Quantitative analyses | BA19: Nature for Nature | BB19: Nature for Society | BC19: Nature as Culture | BD19: na | BE19: No | BF19: No | BG19: No | BS19: Agenda setting | BV19: Policy review
A20: Greenway, 2022, DOI: https://doi.org/10.1002/rra.4097 | B20: Potential approaches to establishing harmonious river-human relationships | C20: Scientific article | D20: 2022 | E20: River Research and Applications Journal | F20: 2022 | G20: - | H20: Conceptual, with focus on human-river relationships (no particular river) | I20: Not represented, to be mentioned in text | L20: Conceptual | O20: Water bodies (lakes/rivers/wetlands) | R20: This paper concludes that the NFF can accommodate new materialist thinking and therefore provides an opportunity for further exploring and examining possibilities for building harmonious coexistent river-human relationships. | S20: Discussing the NFF | V20: Depending on how the NaC perspecive is understood, it can be considered as still too human-centric. A new NFF perspective based on new materialist thinking could be a holistic de-centred human concept of ‘nature within society (and) society within nature’, allowing a de-centring of humans as the central influencing agent in river-human relationships. | W20: The study concludes that the NFF can accommodate new materialist thinking and therefore provides an opportunity for further exploring and examining possibilities for building harmonious coexistent river-human relationships. | X20: Yes | Y20: Describes the NFF as a tool to support transformative change towards harmonious river-human relationships. | Z20: No | AB20: No | AD20: NA | AE20: NA | AP20: Desktop study | AU20: Scientific publication(s) | BA20: Nature as Culture | BB20: Nature for Nature | BC20: Nature for Society | BE20: The author argues that the NaC perspective is too human-centered, but this can be debated. Note that the 'one with nature' subtitle had not been added to the NaC perspective at the time. Arguably, the 'new materialist' thinking advocated by the author fits better under the NaC perspectives as what the author thinks. | BF20: No | BG20: No | BS20: Agenda setting
A21: Henry et al., 2022, DOI: https://doi.org/10.1038/s41893-021-00844-x | B21: Global and regional health and food security under strict conservation scenarios | C21: Scientific article | D21: 2022 | E21: Nature Sustainability Journal | F21: 2019 | G21: 2060 | H21: Global | I21: Global | L21: Global | O21: Croplands/large scale agriculture | R21: The study only mentions the NFF to give context to and characterise the two protection scenarios that are used in the study. Both scenarios are aligned with a strict interpretation of the “nature for nature” value perspective. Also, it uses a reference scenario which is not aligned with the NFF. | S21: Classification tool | V21: The study only mentions the NFF to give context to the two protection scenarios used in the study. There are thus no reflections specific to the NFF. | W21: Result of applying a strict interpretation of the "nature for nature" value perspective which is understood as "characterising a form of conservation that separates nature from human pressures": radical conservation policy to achieve 30% and 50% of land protection for biodiversity value may jeopardize food security and human health in the most vulnerable regions of the world | X21: No | Y21: - | Z21: Yes | AA21: Mentioned in Introduction and Discussion to place the study in context | AB21: Yes | AC21: Mentioned in Introduction and Discussion to place the study in context | AD21: NA | AE21: n/a | AF21: n/a | AG21: n/a | AH21: n/a | AI21: n/a | AJ21: n/a | AK21: n/a | AL21: n/a | AM21: n/a | AN21: n/a | AO21: n/a | AP21: Modelling | AQ21: Desktop study | AU21: Scientific publication(s) | AV21: Quantitative changes in key variables in data set(s) (e.g. land cover; income) | AW21: Quantitative analyses | AX21: Map(s) | BA21: Nature for Nature | BD21: The study only mentions the NFF to give context to the two protection scenarios used in the study. | BE21: not really | BF21: No | BG21: Yes | BH21: Nature for Nature | BK21: The study only mentions the NFF to give context to the two protection scenarios used in the study. | BP21: Policy-screening | BT21: Policy design
A22: Kuiper et al., 2022, DOI: https://doi.org/10.1080/26395916.2022.2065360 | B22: Exploring desirable nature futures for Nationaal Park Hollandse Duinen | C22: Scientific article | D22: 2022 | E22: Ecosystems and People Journal | F22: 2019 | G22: Not specified | H22: The Hague, Netherlands | I22: Local --> Netherlands | J22: Western Europe | L22: <50 km on edge - such as a large landscape or city scape (e.g. Sao Paulo) | O22: Coastal/marine areas | P22: Urban and suburban areas | Q22: Small scale agriculture & villages | R22: The NFF was used at a workshop to explore desirable futures for nature in the Nationaal Park Hollandse Duinen in the Netherlands, and the pathways to get there. The NFF was tested at regional scale. The visions did not focus on a specific area within the framework, but pluralistically captured elements from across the framework. | S22: Developing visions and scenarios | V22: Not every participant immediately understood the Nature as Culture value perspective, and how it differed from Nature for Society. However, confusions were resolved quickly after discussing a few different examples. | W22: The study states that the NFF enabled the discovery of diverse perspectives on nature and enabled exploring pathways. While this was only a first step, the NFF was considered suitable to support change processes towards more sustainable futures. The use of the Nature as Culture value perspective was found to be particularly useful by the director of NPHD, who was involved in co-design of this study. Its consideration helped participants move beyond the dichotomy between intrinsic and instrumental values that dominates existing discussions in the area. | X22: Yes | Y22: The study describes an initiative that seeks to transform the way humans interact with nature. The 3 Horizons framework was used to think about transformative pathways to desirable futures. | Z22: No | AB22: Yes | AC22: SDG target analysis | AD22: Participatory visioning. | AE22: 23 | AF22: Civil society organizations | AG22: Natural resource managers | AH22: Policymakers | AI22: Researchers | AJ22: Business representatives | AO22: The director of the national park picked and invited the participants. | AP22: Workshops & deliberation | AQ22: Mapping | AU22: Scientific publication(s) | BA22: Nature as Culture | BB22: Nature for Nature | BC22: Nature for Society | BD22: three horizons | BE22: Not every participant immediately understood the Nature as Culture value perspective, and how it differed from Nature for Society. However, confusions were resolved quickly after discussing a few different examples. | BF22: Yes, but briefly and without specifying/quantifying. | BG22: No | BO22: Target-seeking | BS22: Agenda setting | BT22: Policy design
A23: Mansur et al., 2022, DOI: https://doi.org/10.1016/j.envsci.2022.01.013 | B23: Nature futures for the urban century: Integrating multiple values into urban management | C23: Scientific article | D23: 2022 | E23: Environmental Science & Policy Journal | F23: 2021 | G23: - | H23: Conceptual, focused on urban zones / cityscapes in general | I23: Not represented, to be mentioned in text | L23: Conceptual | O23: Urban and suburban areas | R23: This paper presents a new framework based on the NFF that is specifically tailored to scenario building for cities: the Urban Nature Futures Framework (UNFF)’. With a visioning exercise the authors developed archetypes for the NFF value perspectives in the urban context. | S23: Discussing the NFF | T23: Developing visions and scenarios | V23: The authors state that the NFF does not explicitly address the urban context, and then apply the NFF to the urban context. | W23: When applying the Urban NFF to spatial planning in the urban context it is important to consider recognitional, procedural and distributional equity. | X23: Yes | Y23: It was mentioned that the Urban NFF (UNFF) may guide 'transformative action towards more inclusive, greener, and sustainable urban futures.' | Z23: Yes | AA23: GBF targets used to place study in context | AB23: Yes | AC23: SDG target used to place study in context | AD23: Researchers from various disciplines were brought together and developed the ideas collaboratively through workshops. | AE23: 13 | AF23: Researchers | AP23: Desktop study | AQ23: Workshops & deliberation | AR23: Mapping | AU23: Scientific publication(s) | AV23: Drawing(s)/diagram(s) | BA23: Nature as Culture | BB23: Nature for Nature | BC23: Nature for Society | BD23: NA | BF23: No | BG23: No | BN23: Exploratory | BR23: The NFF as a whole is discussed in relation to target seeking scenarios, to inform planning towards sustainability. At the same time, the main purpose of the presented visions is to explore how different futures may look like, rather than producing visions of desired futures towards which stakeholders want to navigate. | BS23: Agenda setting | BT23: Policy design | BU23: Policy implementation
A24: Palacios-Abrantes et al., 2022, DOI: https://doi.org/10.1007/s11625-022-01200-4 | B24: Managing biodiversity in the Anthropocene: discussing the Nature Futures Framework as a tool for adaptive decision-making for nature under climate change | C24: Scientific article | D24: 2022 | E24: Sustainability Science Journal | F24: 2019 | G24: 2019 | H24: Three case studies: 1. South Africa and Namibia, 2. Africa and South America, 3. Galapagos Marine Reserve (in Ecuador) | I24: Local --> South Africa (1) and Namibia (1) and Ecuador (1) AND Regional --> Africa (1) and South America (1) | J24: Africa | K24: Latin America + Caribbean | L24: 201-2000 km - such as a medium country (e.g. Zimbabwe or Germany) | M24: >2000 km on edge - such as an International Region (e.g. Western European or Africa) | O24: Arid/semi-arid lands | P24: Coastal/marine areas | Q24: Grasslands/Rangelands | R24: The NFF was discussed as a tool to inform management in social-ecological systems facing climate change. Using three case studies from the global South, the study illustrates the potential of the NFF to generate alternative pathways under climate change. The authors conclude that the NFF can help identify trade-offs between alternative climate adaptation pathways. | S24: Exploration tool | V24: The study finds that insight in the alternative pathways with underlying trade-offs as management options does not necessarily facilitate decision-making. Indicators used on each side of a trade-off often differ significantly, making it difficult for modelers and decision-makers to measure and implement them. The study finds that operationalization of the NFF ‘will require an unprecedented degree of engagement between stakeholders, policymakers, natural and social scientists to properly account and differentiate between values as well as incorporate qualitative metrics into modelling frameworks.’ | W24: The NFF provides transparency of the different potential pathways for biodiversity management and makes explicit the trade-offs between different value perspectives and within value perspectives. This allows policy makers to make decisions that are better informed. The NFF approach may open up discussions on how biodiversity can be managed more effectively, allowing for the consideration of multiple values. | X24: Yes | Y24: Only mentioned in the introduction to describe existing concepts that allow the formulation of tranformative pathways. The NFF is highlighted as a potential tool to bridge the gap in frameworks that can account for diverse values of nature. | Z24: No | AB24: No | AD24: Expert participants of a conference, from various backgrounds, participated in a workshop using the NFF | AE24: 15 | AF24: Researchers | AG24: Policymakers | AH24: Natural resource managers | AO24: No/self-selected | AP24: Workshops & deliberation | AU24: Scientific publication(s) | AV24: Narrative(s) (no time component) | BA24: Nature as Culture | BB24: Nature for Nature | BC24: Nature for Society | BD24: Feedback categorization | BF24: Yes, but without specifying individual NCPs/quantification | BG24: No | BN24: Exploratory | BT24: Policy design
A25: Quintero-Uribe et al., 2022, DOI: https://doi.org/10.1111/ecog.06292 | B25: Participatory scenarios for restoring European landscapes show a plurality of nature values | C25: Scientific article | D25: 2022 | E25: Ecography Journal | F25: 2021 | H25: Europe | I25: Regional --> Europe | J25: Western Europe | K25: Eastern Europe | L25: <50 km on edge - such as a large landscape or city scape (e.g. Sao Paulo) | M25: 50-200 km on edge - such as a small country (e.g. Trinidad or Taiwan) | N25: 201-2000 km - such as a medium country (e.g. Zimbabwe or Germany) | O25: Forests | P25: Small scale agriculture & villages | Q25: Croplands/large scale agriculture | R25: The study analyses how the future of nature has been envisioned in participatory scenarios in Europe. The NFF was used to assess how pluralistic perspectives of nature and the outcomes of restoration efforts for both people and nature are portrayed in different participatory scenario narratives. In addition, “business as usual” archetypes were used to map the scenarios. “Nature as culture” was the main archetype found in the scenarios. | S25: Translating scenarios | V25: The researchers had to include a fourth ‘business as usual’ archetype in their study to ‘accommodate for the fact that some scenarios do not incorporate narratives that improve any nature values and therefore cannot be mapped into the [NFF]’ The study highlighted the need to explore the synergies between different value archetypes of the NFF. For example, to avoid associating rewilding solely to the “nature for nature” perspective. | W25: The NFF was useful to synthesise the pluralistic perspectives of nature found in the scenario narratives. The authors classify this as ‘a major advantage over other frameworks such as the SSPs that focuses more on the socio‑economic dynamics of society’. | X25: Yes | Y25: In the Discussion, the following remark is made: "The fact that human well-being and biodiversity are seen as separate components makes it more difficult to implement measures that generate the transformative change necessary to meet the EU biodiversity strategy for 2030 and the global Sustainable Development Goals (SDGs)." | Z25: Yes | AA25: Used to place study in context | AB25: Yes | AC25: Used to place the study in context | AD25: NA | AE25: NA | AP25: Desktop study | AQ25: Mapping | AU25: Scientific publication(s) | AV25: Drawing(s)/diagram(s) | BA25: Nature as Culture | BB25: Nature for Nature | BC25: Nature for Society | BF25: Yes, nice use of NCP to evaluate existing scenarios | BG25: No | BN25: Exploratory | BO25: Target-seeking | BR25: Difficult one. On one hand, the NFF is used to provide a more complete picture of what existing exploratory and target-seeking scenarios portray. On the other hand, the scenarios are not coherently described at the individual level. | BS25: Agenda setting | BT25: Policy design
A26: Wen et al., 2022, DOI: https://doi.org/10.17520/biods.2021425 | B26: Simulation of changes in land use distribution and biodiversity under different development scenarios in Qinghai Province | C26: Scientific article | D26: 2022 | E26: Biodiversity Science | F26: 2022 | G26: 2030, 2050 | H26: China | I26: Local --> China | J26: Asia-Pacific | L26: 201-2000 km - such as a medium country (e.g. Zimbabwe or Germany) | O26: Grasslands/Rangelands | P26: Water bodies (lakes/rivers/wetlands) | Q26: Forests | R26: The NFF was used as a reference for constructing land use change scenarios, specifically, setting land use change targets. The 4 scenarios were based on those developed for the nation as a whole (Yu et al. 2021) | S26: Adapting and developing models | V26: None specific to the NFF, although authors noted data limitations for modeling | W26: - | X26: No | Y26: - | Z26: Yes | AA26: Used to place study in context | AB26: No | AC26: Mentions "regional sustainable development goals" but not SDGs proper | AD26: NA | AE26: NA | AF26: n/a | AO26: Unknown | AP26: Modelling | AU26: Map(s) | AV26: Quantitative changes in key variables in data set(s) (e.g. land cover; income) | AW26: Scientific publication(s) | AX26: Quantitative analyses | BA26: Nature as Culture | BB26: Nature for Nature | BC26: Nature for Society | BF26: Yes but only to introduce the NFF | BG26: Yes | BK26: Unclear | BM26: direct drivers | BN26: Exploratory | BO26: Target-seeking | BS26: Agenda setting | BT26: Policy design
A27: Yu et al., 2021, DOI: https://doi.org/10.19741/j.issn.1673-4831.2021.0237 (or if the above does not work: http://www.ere.ac.cn/article/2021/1673-4831/20211002.htm) | B27: A preliminary study on scenarios for biodiversity targets in china based on the"nature futures framework | C27: Scientific article | D27: 2021 | E27: Journal of Ecology and Rural Environment | F27: 2021 | G27: 2050 | H27: China | I27: Local --> China | J27: Asia-Pacific | L27: >2000 km on edge - such as an International Region (e.g. Western European or Africa) | O27: Grasslands/Rangelands | P27: Arid/semi-arid lands | Q27: Forests | R27: The paper reviews the NFF, proposes the key points for creating scenarios for biodiversity targets in China, and establishes three sets of positive scenarios for ‘Beautiful China’, ‘Harmonious China’ and ‘Smart China’ based on the NFF. The study followed the discussion-based scenario development process of Pereira et al. (2020) during the period of 2019 to 2020 with multidisciplinary experts and stakeholders (including scientific researchers, policymakers from relevant industry departments, expert representatives from local environmental protection departments, etc.). | S27: Developing visions and scenarios | T27: Discussing the NFF | V27: The paper points out that although there are still some limitations for the application of the NFF at present, the framework has a lot of potential. One of the challenges ahead is to develop more integrated and flexible scenario tools so as to achieve accurate depiction, simulation and comprehensive comparison of the three sets of positive scenarios (i.e. ‘Beautiful China’, ‘Harmonious China’, ’Smart China’), which aligned with the NFF, in order to promote the role of scenario studies in guiding national biodiversity conservation goals and related policy development. | W27: In the discussion of this paper, it is pointed out that: (i) Scenario development is an iterative process. The further development of the NFF and its application at different scales and regions can provide reference cases for China to help with the further development and improvement of multi-scale biodiversity conservation target scenarios. (ii) It is important that scenarios developed with the help of the NFF are combined with modelling at various scales, in order to quantitatively depict the impact of different futures on biodiversity, NCP, and human wellbeing. (iii) The further development of the NFF over the next years can facilitate multi-scale, systematic and standardized scenario development, increase the comparability of future scenarios, provide coordinated information for the implementation of post-2020 global biodiversity conservation and sustainable development goals, and facilitate scenarios and modelling tools to better serve global sustainable development-related conservation program design and decision-making. | X27: Yes, only to describe the NFF and IPBES | Y27: Only mentioned to highlight the need for transformative, multiscale scenarios for halting biodiversity loss and realising the SDGs | Z27: Yes | AA27: General contribution to GBF is discussed | AB27: Yes | AC27: Used to place into context | AD27: Visioning and narrative development | AE27: Unknown | AF27: Researchers | AG27: Policymakers | AH27: Natural resource managers | AO27: Unknown | AP27: Workshops & deliberation | AU27: Scientific publication(s) | AV27: Narrative(s) (no time component) | BA27: Nature as Culture | BB27: Nature for Nature | BC27: Nature for Society | BD27: The study appears to have used the common & specific features concept to formulate visions and then to check consistency across the three narratives produced. | BE27: The concept of relational values may not have been well understood within this study. The "Harmonius China" narrative, which is intended to fit the nature as culture value perspective, focuses strongly on optimal resource use, livelihood improvement, and ecosystem service enhancement in production sectors, making it difficult to distinguish from the nature for society value perspective. | BF27: Yes, but without specifying individual NCPs/quantification | BG27: No | BN27: Exploratory | BO27: Target-seeking | BS27: Agenda setting | BT27: Policy design
A28: Lembi et al., 2020, DOI: https://doi.org/10.1590/1676-0611-bn-2019-0904 | B28: Urban expansion in the atlantic forest: Applying the nature futures framework to develop a conceptual model and future scenarios; [Expansão urbana na mata atlântica: Aplicando o “nature futures framework” para desenvolver um modelo conceitual e cenários futuros] | C28: Scientific article | D28: 2020 | E28: Biota Neotropica Journal | F28: 2019 | G28: Not specified | H28: Brazil | I28: Local --> Brazil | J28: Latin America + Caribbean | L28: >2000 km on edge - such as an International Region (e.g. Western European or Africa) | O28: Forests | P28: Urban and suburban areas | R28: The study used the NFF for envisioning positive scenarios for cities in the Atlantic Forest. | S28: Developing visions and scenarios | V28: – | W28: The study found that applying the NFF value perspectives can contribute to disentangle complexities and to better understand and navigate urban growth problems, by offering a multiple value perspective that enables the visualization of positive and desirable futures for nature and our world. | X28: Yes | Y28: Not really, but in the discussion it is mentioned that envisioning the future is important for enabling transformative change. | Z28: No | AB28: Yes | AC28: Used to place into context | AD28: The studies were conducted through a workshop-like course of two weeks during which a diverse group of students consulted with experts | AE28: 10 | AF28: Researchers | AG28: Educators/teachers/trainers | AP28: Desktop study | AQ28: Mapping | AU28: Narrative(s) (no time component) | AV28: Scientific publication(s) | AW28: Drawing(s)/diagram(s) | BA28: Nature for Society | BB28: Nature for Nature | BC28: Nature as Culture | BD28: DPSIR (Indirect socio-economic drivers, direct drivers, pressures, states, Impacts on values, Responses) | BF28: Yes but only in the introduction | BG28: No | BN28: Exploratory | BO28: Target-seeking | BP28: Policy-screening | BR28: They are exploratory in the sense that DPSIR is used to explore consequences of pressures. Target seeking in the sense that the futures are presented as desirable. And policy screening because the impact of distinct policies are discussed. | BS28: Agenda setting | BT28: Policy design
A29: Pereira et al., 2020, DOI: https://doi.org/10.1002/pan3.10146 | B29: Developing multiscale and integrative nature–people scenarios using the Nature Futures Framework | C29: Scientific article | D29: 2020 | E29: People and Nature Journal | F29: 2019 | G29: Not specified | H29: Global | I29: Global | L29: Global | R29: This is a general review of the development and use of the NFF by members of the IPBES task force on scenarios and models. | S29: Discussing the NFF | V29: – | W29: Co production is at the heart of the NFF but is not easy and must be done with great care and consideration. | X29: Yes | Y29: Yes, one of the core objectives presented for the NFF is to produce transformative scenarios | Z29: Yes | AA29: Used to place into context | AB29: Yes | AC29: Used to place into context | AD29: Visioning, elaboration of the visioning, further refinemen of the NFF | AE29: 100+ across the different phases | AF29: Civil society organizations | AG29: Indigenous groups | AH29: Natural resource managers | AI29: Researchers | AJ29: Policymakers | AK29: Business representatives | AO29: For the visioning there was a selection process by IPBES | AP29: Art-based practices | AQ29: Workshops & deliberation | AR29: Desktop study | AS29: Mapping | AU29: Drawing(s)/diagram(s) | AV29: Technical report(s) | AW29: Theater(s) | AX29: Scientific publication(s) | AY29: Collage(s) | AZ29: Narrative(s) (no time component) | BA29: Nature as Culture | BB29: Nature for Nature | BC29: Nature for Society | BD29: Seeds, Three Horizons, Future Wheels, STEEPv | BF29: Yes, but without specifying individual NCPs/quantification | BG29: No | BN29: Exploratory | BO29: Target-seeking | BR29: As with many NFF studies, on one hand there is a focus on specific futures (desirable) while on the other hand there is a clear focus on exploring what this could be by showing how valuing different people-nature relationships could shape very different futures. | BS29: Agenda setting
A30: Rana et al., 2020, DOI: https://doi.org/10.1080/26395916.2020.1821095 | B30: The voices of youth in envisioning positive futures for nature and people | C30: Scientific article | D30: 2020 | E30: Ecosystems and People Journal | F30: 2019 | G30: Not specified | H30: Global | I30: Global | L30: Global | O30: Coastal/marine areas | P30: Small scale agriculture & villages | Q30: Urban and suburban areas | R30: The study uses the NFF to capture the voices of youth in visions of positive futures for nature and people. | S30: Developing visions and scenarios | V30: What topics result from the visioning methodological design (primed?; not least through STEEPv) versus what topics really come from the participants themselves. More work is required to identify the extent of the influence, which the NFF had in framing group discussions, i.e. whether it is useful as a heuristic device for participants to reflect on the multiple values of nature which they hold. | W30: This methodological approach allowed the workshop participants to focus and discuss certain aspects of the positive futures more in-depth, but it did lead the final narratives in a particular direction. With not enough focus given on capturing tensions and feedbacks in many scenario approaches, we attempted to include them in this exercise. However, the participants found the process challenging and the given time frame insufficient to capture feedback and tensions in the visions. | X30: Yes | Y30: Transformative change is a central theme and the visions of desirable futures, based on seeds, seek to faciliate transformative change. | Z30: Yes | AA30: Used to place into context | AB30: Yes | AC30: Discussion mentions need for a new SDG to ensure that "the digital age truly supports people, planet, prosperity and peace" | AD30: As participants of a participatory visioning process. | AE30: 33 | AF30: Youth/children | AG30: Civil society organizations | AH30: Educators/teachers/trainers | AI30: Indigenous groups | AJ30: Researchers | AK30: Natural resource managers | AL30: Policymakers | AO30: Selection of the participants was done by the IPBES technical support unit on capacity-building in collaboration with BPBES and IAI on the basis of nominations received from various governmental and non-governmental organizations and networks, with the aim to achieve geographical diversity, gender balance and representation of multiple knowledge systems. | AP30: Workshops & deliberation | AQ30: Mapping | AU30: Drawing(s)/diagram(s) | AV30: Scientific publication(s) | AW30: Oral presentation(s) | AX30: Narrative(s) (no time component) | BA30: Nature as Culture | BB30: Nature for Nature | BC30: Nature for Society | BD30: Seeds of the good anthropocene, leverage points, future wheels, STEEPv framework | BE30: Although each of the visions started with a group who had an affinity for one part of the triangle, all of the visions ended up acknowledging diverse values for nature. This could be attributed to the participants themselves having diverse values for nature. This would make sense as they were pre-selected to participate in the workshop because of their commitment to nature and biodiversity conservation. However, using the triangle as a starting point may also have triggered the participants to think more broadly about diverse nature values. Further research and more case studies are required in order to analyse this more definitively. | BF30: No | BG30: No | BN30: Exploratory | BO30: Target-seeking | BS30: Agenda setting | BT30: Policy design
A31: Resende et al., 2020, DOI: https://doi.org/10.1590/1676-0611-bn-2019-0899 | B31: A conceptual model to assess the impact of anthropogenic drivers on water-related ecosystem services in the Brazilian Cerrado; [Um modelo conceitual para avaliar o impacto de fatores antropogênicos nos serviços ecossistêmicos relacionados à água no Cerrado] | C31: Scientific article | D31: 2020 | E31: Biota Neotropica Journal | F31: 2019 | H31: Brazil | I31: Local --> Brazil | J31: Latin America + Caribbean | L31: >2000 km on edge - such as an International Region (e.g. Western European or Africa) | O31: Croplands/large scale agriculture | P31: Small scale agriculture & villages | Q31: Grasslands/Rangelands | R31: The NFF was used to identify how water-related ecosystem services can be valued. | S31: Exploration tool | V31: A challenge mentioned was the development of scenarios that represent a future that humanity could strive for, aligned with the NFF. However, this was not challenge that was faced when using the NFF as the NFF was not used to develop scenario's. Rather the scenario's were developed based on predicitons for commodity markets and policies, the feedback therefore seems to express that the scenario's that resulted from this method where difficult to align with the NFF. | W31: – | X31: Yes | Y31: The conclusion emphasises that scenarios provide insights into opportunities and barriers for transforming society. | Z31: No | AB31: No | AD31: The studies were conducted through a workshop-like course of two weeks during which a diverse group of students consulted with experts | AE31: 8 | AF31: Educators/teachers/trainers | AG31: Researchers | AO31: NA | AP31: Workshops & deliberation | AQ31: Desktop study | AR31: Mapping | AU31: Scientific publication(s) | AV31: Drawing(s)/diagram(s) | BA31: Nature as Culture | BB31: Nature for Nature | BC31: Nature for Society | BE31: Not really but perhaps a misunderstanding on how the NFF can be applied to develop scenarios. In this case, the NFF was not used to develop the scenarios and it was not entirely clear how the authors wanted to use the NFF, they used it to define how water-related ecosytems in the region may be valued but also commented that it is difficult to develop scenarios that can be strived for that align with the NFF. However, the scenario's that were used did not seem to de developed using the NFF but rather based on pricing of commodity markets. | BF31: Yes, but without specifying individual NCPs/quantification | BG31: No | BN31: Exploratory | BP31: Policy-screening | BS31: Agenda setting | BT31: Policy design
A32: Rosa et al., 2020, DOI: https://doi.org/10.1590/1676-0611-bn-2020-1101 | B32: Increasing capacity to produce scenarios and models for biodiversity and ecosystem services; [Capacitando profissionais para o desenvolvimento de cenários e modelos em biodiversidade e serviços ecossistêmicos] | C32: Scientific article | D32: 2020 | E32: Biota Neotropica Journal | F32: 2019 | G32: - | H32: Brazil | I32: Local --> Brazil | J32: Latin America + Caribbean | L32: >2000 km on edge - such as an International Region (e.g. Western European or Africa) | R32: This publication contains the report on a summer school (São Paulo School of Advanced Science on Scenarios and Modelling on Biodiversity and Ecosystem Services to Support Human Well-Being) and announces nine papers developed as a result of this summer school. | S32: Discussing the NFF | V32: The report states that the “nature for nature” and the “nature for society” perspectives were typically easy to envision for students. However, the “nature as culture” value perspective sparked more discussion: ‘many case studies had indigenous communities as integral components of their conceptual model, allowing them to envision how indicators of success for this nature perspective were often quite different from many of the typical metrics utilised by biodiversity scenarios’. | W32: The report states that ‘the emergence of the NFF is a positive shift towards a more inclusive and pluralistic approach to scenario development. This is a crucial first step that can be then followed by implementation of qualitative and quantitative approaches that aim to translate such scenarios into projections of impacts on biodiversity, ecosystem services, and ultimately human well-being.’ | X32: Yes | Y32: Mentioned both in the introduction on the need for transformative change towards sustainable futures, and in the conclusion to express the hope for the widespread adoption of the NFF leading to positive scenario development, in turn contributing to transformative change. | Z32: No | AB32: No | AD32: Summer school | AE32: 85 participants | AF32: Researchers | AG32: Civil society organizations | AO32: selected after a very competitive process, 4:1. Among the participants, five were public servants or from multilateral organizations, and were selected with the aim of not only training them to use new tools and approaches, but also to bring to the discussion real challenges experienced by decision-makers. Participants were from a wide range of backgrounds | AP32: Workshops & deliberation | AU32: Scientific publication(s) | BA32: Nature for Society | BB32: Nature for Nature | BC32: Nature as Culture | BE32: NaC gave rise to discussions, while NfN and NfS were easy to understand | BF32: Yes, but without specifying individual NCPs/quantification | BG32: No | BS32: Agenda setting
A33: Sarkar et al., 2020, DOI: https://doi.org/10.1590/1676-0611-bn-2019-0913 | B33: A conceptual model to understand the drivers of change in tropical wetlands: A comparative assessment in India and Brazil | C33: Scientific article | D33: 2020 | E33: Biota Neotropica Journal | F33: 2019 | H33: India and Brazil | I33: Local --> India (1) and Brazil (1) | J33: Latin America + Caribbean | K33: Asia-Pacific | L33: >2000 km on edge - such as an International Region (e.g. Western European or Africa) | M33: >2000 km on edge - such as an International Region (e.g. Western European or Africa) | O33: Water bodies (lakes/rivers/wetlands) | R33: The NFF was used to depict the diverse values of inland wetlands contributing to human wellbeing in India and Brazil, and to identify indicators to measure and monitor changes in wetland values. | S33: Exploration tool | V33: – | W33: – | X33: No | Y33: - | Z33: No | AB33: Yes | AC33: To place study into context | AD33: The studies were conducted through a workshop-like course of two weeks during which a diverse group of students consulted with experts | AE33: 8 | AF33: Researchers | AG33: Educators/teachers/trainers | AP33: Desktop study | AQ33: Workshops & deliberation | AR33: Mapping | AU33: Scientific publication(s) | AV33: Drawing(s)/diagram(s) | BA33: Nature as Culture | BB33: Nature for Nature | BC33: Nature for Society | BF33: Yes but only in the introduction | BG33: No | BS33: Agenda setting | BT33: Policy design

Sheet counts summary
A1: Review categories | B1: Code | D1: Count/summary
A2: Boundary | B2: In which year was the scenario development or other forms of NFF use conducted? | C2: 2023 | D2: =COUNTIF(review!$D$3:$D$33,C2) -> 15
C3: 2022 | D3: =COUNTIF(review!$D$3:$D$33,C3) -> 9
C4: 2021 | D4: =COUNTIF(review!$D$3:$D$33,C4) -> 1
C5: 2020 | D5: =COUNTIF(review!$D$3:$D$33,C5) -> 6
C6: 2019 | D6: =COUNTIF(review!$D$3:$D$33,C6) -> 0
B7: What year do the scenarios portray? (time horizon) - if applicable | D7: Ranged from 2015 to 2100, with many 'visioning' studies not specifying a time horizon, or other studies using the NFF without developing scenarios | F7: Count of map elements:
B8: Location of the study | D8: 15 countries were represented in studies applying the NFF at the local to country scales, and 4 regions were represented in studies at the sub-regional to regional scales. 7 studies were of a global scope, and 4 were not tied to any location (conceptual). | F8: Global scale counts | G8: Regional scale counts | I8: Local to country scale counts | K8: Conceptual counts
B9: Region (1-5) | C9: Africa | D9: =COUNTIF(review!$J$3:$K$33,C9) -> 1 | F9: =COUNTIF(review!$H$3:$H$33,"Global*") -> 7 | G9: Asia-Pacific | H9: =COUNTIF(review!$H$3:$H$33,"Asia-Pacific") -> 0 | I9: Japan | J9: =COUNTIF(review!$H$3:$H$33,"*Japan*") -> 2 | K9: =COUNTIF(review!$H$3:$H$33,"*conceptual*") -> 4
C10: Asia-Pacific | D10: =COUNTIF(review!$J$3:$K$33,C10) -> 9 | G10: Sub-region of HKH | H10: =COUNTIF(review!$H$3:$H$33,"Hindu Kush Himalaya*") -> 1 | I10: China | J10: =COUNTIF(review!$H$3:$H$33,"China*") -> 2
C11: Western Europe | D11: =COUNTIF(review!$J$3:$K$33,C11) -> 7 | I11: Indonesia | J11: =COUNTIF(review!$H$3:$H$33,"*Indonesia*") -> 2
C12: North America | D12: =COUNTIF(review!$J$3:$K$33,C12) -> 0 | I12: Philippines | J12: =COUNTIF(review!$H$3:$H$33,"*Philippines*") -> 1
C13: Eastern Europe | D13: =COUNTIF(review!$J$3:$K$33,C13) -> 2 | I13: India | J13: =COUNTIF(review!$H$3:$H$33,"India*") -> 1
C14: Latin America + Caribbean | D14: =COUNTIF(review!$J$3:$K$33,C14) -> 5 | I14: New Zealand | J14: =COUNTIF(review!$H$3:$H$33,"*New Zealand*") -> 2
C15: International waters | D15: =COUNTIF(review!$J$3:$K$33,C15) -> 1 | G15: Europe | H15: =COUNTIF(review!$H$3:$H$33,"Europe") -> 2 | I15: Netherlands | J15: =COUNTIF(review!$H$3:$H$33,"*Netherlands*") -> 2
B16: Spatial scale (1-5) | C16: <100 ha or <1km on edge - such as a small area of a landscape | D16: =COUNTIF(review!$L$3:$N$33,"'<100 ha or <1km on edge - such as a small area of a landscape") -> 0 | I16: Belgium | J16: =COUNTIF(review!$H$3:$H$33,"*Belgium*") -> 1
C17: <10 km on edge - such as a small landscape or city scape (e.g. city center) | D17: =COUNTIF(review!$L$3:$N$33,"'<10 km on edge - such as a small landscape or city scape (e.g. city center)") -> 0 | I17: UK | J17: =COUNTIF(review!$H$3:$H$33,"*UK*") -> 1
C18: <50 km on edge - such as a large landscape or city scape (e.g. Sao Paulo) | D18: =COUNTIF(review!$L$3:$N$33,"'<50 km on edge - such as a large landscape or city scape (e.g. Sao Paulo)") -> 0 | I18: Switzerland | J18: =COUNTIF(review!$H$3:$H$33,"*Switzerland*") -> 1
C19: 50-200 km on edge - such as a small country (e.g. Trinidad or Taiwan) | D19: =COUNTIF(review!$L$3:$N$33,"'50-200 km on edge - such as a small country (e.g. Trinidad or Taiwan)") -> 0 | I19: Finland | J19: =COUNTIF(review!$H$3:$H$33,"*Finland*") -> 1
C20: 201-2000 km - such as a medium country (e.g. Zimbabwe or Germany) | D20: =COUNTIF(review!$L$3:$N$33,"'201-2000 km - such as a medium country (e.g. Zimbabwe or Germany)") -> 0 | G20: Africa | H20: =COUNTIF(review!$H$3:$H$33,"*Africa*") -> 1 | I20: South Africa | J20: =COUNTIF(review!$H$3:$H$33,"*South Africa*") -> 1
C21: >2000 km on edge - such as an International Region (e.g. Western European or Africa) | D21: =COUNTIF(review!$L$3:$N$33,"'>2000 km on edge - such as an International Region (e.g. Western European or Africa)") -> 0 | I21: Namibia | J21: =COUNTIF(review!$H$3:$H$33,"*Namibia*") -> 1
C22: Global | D22: =COUNTIF(review!$L$3:$N$33,"'Global") -> 0 | G22: South America | H22: =COUNTIF(review!$H$3:$H$33,"*South America*") -> 1 | I22: Brazil | J22: =COUNTIF(review!$H$3:$H$33,"*Brazil*") -> 4
C23: Conceptual | D23: =COUNTIF(review!$L$3:$N$33,"'Conceptual") -> 0 | I23: Ecuador | J23: =COUNTIF(review!$H$3:$H$33,"*Ecuador*") -> 1
A24: Ecosystems | B24: Main ecosystems that make up a significant part of the study region (1-3) (based on Biosphere Futures database categories) | C24: Arid/semi-arid lands | D24: =COUNTIF(review!$O$3:$Q$33,C24) -> 2 | G24: North America | H24: =COUNTIF(review!$H$3:$H$33,"*North America*)") -> 0
C25: Coastal/marine areas | D25: =COUNTIF(review!$O$3:$Q$33,C25) -> 4
C26: Croplands/large scale agriculture | D26: =COUNTIF(review!$O$3:$Q$33,C26) -> 7
C27: Deep water/high sea area | D27: =COUNTIF(review!$O$3:$Q$33,C27) -> 1
C28: Forests | D28: =COUNTIF(review!$O$3:$Q$33,C28) -> 10
C29: Grasslands/Rangelands | D29: =COUNTIF(review!$O$3:$Q$33,C29) -> 6
C30: Mountains | D30: =COUNTIF(review!$O$3:$Q$33,C30) -> 2
C31: Polar areas | D31: =COUNTIF(review!$O$3:$Q$33,C31) -> 1
C32: Remote/Non-human dominated areas | D32: =COUNTIF(review!$O$3:$Q$33,C32) -> 1
C33: Small scale agriculture & villages | D33: =COUNTIF(review!$O$3:$Q$33,C33) -> 8
C34: Urban and suburban areas | D34: =COUNTIF(review!$O$3:$Q$33,C34) -> 6
C35: Water bodies (lakes/rivers/wetlands) | D35: =COUNTIF(review!$O$3:$Q$33,C35) -> 7
A36: NFF experience | B36: Categorization of use of NFF (1-3) (based on Biosphere Futures NFF application categories) | C36: Exploration tool | D36: =COUNTIF(review!$S$3:$U$33,C36) -> 3
C37: Classification tool | D37: =COUNTIF(review!$S$3:$U$33,C37) -> 7
C38: Translating scenarios | D38: =COUNTIF(review!$S$3:$U$33,C38) -> 5
C39: Developing visions and scenarios | D39: =COUNTIF(review!$S$3:$U$33,C39) -> 12
C40: Adapting and developing models | D40: =COUNTIF(review!$S$3:$U$33,C40) -> 4
C41: Discussing the NFF | D41: =COUNTIF(review!$S$3:$U$33,C41) -> 8
A42: Notes on transformative change | B42: Did the paper explicitly mention transformative change? | C42: Yes | D42: =COUNTIF(review!X3:X33,"Yes*") -> 25
C43: No | D43: =COUNTIF(review!X3:X33,"No*") -> 6
B44: How, if any, were connections made to transformative change? (Only needed if explicit mention has been made in the source) | D44: The majority of studies mentioned the concept of transformative change to introduce the context of their work or to discuss its societal relevance.
A45: GBF and SDGs (Only to capture if explicitly mentioned) | B45: Did the paper explicitly address the Kunming-Montreal Global Biodiversity Framework? | C45: Yes | D45: =COUNTIF(review!$Z$3:$Z$33,"Yes*") -> 18
C46: No | D46: =COUNTIF(review!$Z$3:$Z$33,"No*") -> 13
B47: Notes on how the GBF was addressed | D47: The majority of the studies mentioned the GBF to provide context to their work.
B48: Did the paper explicitly address SDGs? | C48: Yes | D48: =COUNTIF(review!$AB$3:$AB$33,"Yes*") -> 17
C49: No | D49: =COUNTIF(review!$AB$3:$AB$33,"No*") -> 14
B50: Notes on how the SDGs were addressed | D50: The majority of the studies mentioned the SDGs to provide context to their work.
A51: Stakeholder engagement | B51: In which stage(s) of scenario-building or other NFF application were stakeholders engaged? (if any) | D51: 17 studies either directly or indirectly engaged stakeholders at various levels of diversity
B52: How many people were engaged? | D52: Where known, the numbers of stakeholders engaged ranged from 8 to over 100 people.
B53: Diversity of stakeholders - Who substantially contributed to the study? Mark all that apply. (1-10) (based on Biosphere Futures database, with adjustments) | C53: Artists | D53: =COUNTIF(review!$AF$3:$AN$33,C53) -> 3
C54: Business representatives | D54: =COUNTIF(review!$AF$3:$AN$33,C54) -> 4
C55: Citizens | D55: =COUNTIF(review!$AF$3:$AN$33,C55) -> 1
C56: Civil society organizations | D56: =COUNTIF(review!$AF$3:$AN$33,C56) -> 8
C57: Educators/teachers/trainers | D57: =COUNTIF(review!$AF$3:$AN$33,C57) -> 6
C58: Farmers/foresters/fisherfolk | D58: =COUNTIF(review!$AF$3:$AN$33,C58) -> 3
C59: Indigenous groups | D59: =COUNTIF(review!$AF$3:$AN$33,C59) -> 3
C60: Natural resource managers | D60: =COUNTIF(review!$AF$3:$AN$33,C60) -> 8
C61: Policymakers | D61: =COUNTIF(review!$AF$3:$AN$33,C61) -> 7
C62: Researchers | D62: =COUNTIF(review!$AF$3:$AN$33,C62) -> 17
C63: Youth/children | D63: =COUNTIF(review!$AF$3:$AN$33,C63) -> 3
C64: n/a | D64: =COUNTIF(review!$AF$3:$AN$33,C64) -> 10
B65: Was there a participant selection process? | D65: Where known, the selection process ranged from rigourous and highly competitive, to self-selection by participants.
A66: Approach/method | B66: Approach used in the NFF application (indicate all that apply) (1-7) (based on Biosphere Futures database categories) | C66: Art-based practices | D66: =COUNTIF(review!$AP$3:$AT$33,C66) -> 3
C67: Desktop study | D67: =COUNTIF(review!$AP$3:$AT$33,C67) -> 21
C68: Games | D68: =COUNTIF(review!$AP$3:$AT$33,C68) -> 1
C69: Mapping | D69: =COUNTIF(review!$AP$3:$AT$33,C69) -> 22
C70: Modelling | D70: =COUNTIF(review!$AP$3:$AT$33,C70) -> 5
C71: Surveys & interviews | D71: =COUNTIF(review!$AP$3:$AT$33,C71) -> 6
C72: Workshops & deliberation | D72: =COUNTIF(review!$AP$3:$AT$33,C72) -> 14
A73: Results/products | B73: What types of results were produced? (indicate all that apply) (1-16) (based on Biosphere Futures database categories, with adjustments) | C73: Booklet/other publication(s) | D73: =COUNTIF(review!$AU$3:$AZ$33,C73) -> 2
C74: Collage(s) | D74: =COUNTIF(review!$AU$3:$AZ$33,C74) -> 3
C75: Drawing(s)/diagram(s) | D75: =COUNTIF(review!$AU$3:$AZ$33,C75) -> 22
C76: Map(s) | D76: =COUNTIF(review!$AU$3:$AZ$33,C76) -> 4
C77: Narrative(s) (no time component) | D77: =COUNTIF(review!$AU$3:$AZ$33,C77) -> 9
C78: Oral presentation(s) | D78: =COUNTIF(review!$AU$3:$AZ$33,C78) -> 1
C79: Poster(s) | D79: =COUNTIF(review!$AU$3:$AZ$33,C79) -> 0
C80: Quantitative analyses | D80: =COUNTIF(review!$AU$3:$AZ$33,C80) -> 7
C81: Quantitative changes in key variables in data set(s) (e.g. land cover; income) | D81: =COUNTIF(review!$AU$3:$AZ$33,C81) -> 4
C82: Radio play/podcast(s)/other audio output | D82: =COUNTIF(review!$AU$3:$AZ$33,C82) -> 0
C83: Scientific publication(s) | D83: =COUNTIF(review!$AU$3:$AZ$33,C83) -> 31
C84: Storyline(s) (with time component) | D84: =COUNTIF(review!$AU$3:$AZ$33,C84) -> 1
C85: Technical report(s) | D85: =COUNTIF(review!$AU$3:$AZ$33,C85) -> 2
... C88: Videogame(s)/Interactive model(s) | D88: =COUNTIF(review!$AU$3:$AZ$33,C88) -> 0
A89: Qualitative NFF applications incl. qualitative scenarios/narratives | B89: Which value perspectives were considered in the NFF application? (e.g., within visions or qualitative scenarios) (indicate all that apply) (1-3) | C89: Nature as Culture | D89: Almost all applications of the NFF covered the three value perspectives, with a few exceptions where the study discussed the NFF on a more general methodological level, or a single value perspective was specifically targeted.
C90: Nature for Nature
C91: Nature for Society
B92: Which narrative development approach was used? (common & specific features, three horizons, etc.) - if applicable | D92: SSP narratives Common & specific features Participatory visioning Three horizons Iceberg model Exquisite corpse surrealist game Paired comparison across narratives Contextualising different scenarios Feedback categorization DPSIR (Indirect socio-economic drivers, direct drivers, pressures, states, Impacts on values, Responses) Future Wheels STEEPv framework Seeds of the good Anthropocene
B93: Are there any misunderstandings on the value perspectives? | D93: No major misunderstandings were noted among the studies. However common struggles have been observed in grasping the concept of relational values and in operationalising the nature as culture value perspective.
B94: Did the study explicitly mention the NCPs or engagage with the NCPs? | C94: Yes | D94: =COUNTIF(review!$BF$3:$BF$33,"Yes*") -> 19
C95: No | D95: =COUNTIF(review!$BF$3:$BF$33,"No*") -> 12
A96: Modelling/quantification | B96: Was modelling/quantification used in the application of the NFF? | C96: Yes | D96: =COUNTIF(review!$BG$3:$BG$33,"Yes*") -> 6
C97: No | D97: =COUNTIF(review!$BG$3:$BG$33,"No*") -> 25
B98: Which value perspectives were considered in modelling/quantification? (indicate all that apply) (1-3) | C98: Nature as Culture | D98: =COUNTIF(review!$BH$3:$BJ$33,C98) -> 5
C99: Nature for Nature | D99: =COUNTIF(review!$BH$3:$BJ$33,C99) -> 6
C100: Nature for Society | D100: =COUNTIF(review!$BH$3:$BJ$33,C100) -> 5
B101: How were the value perspectives considered in the modelling/quantification exercise? | D101: A small subset of studies used quantitative methods (N=6), and an even smaller subset of those actually linked the NFF value perspectives with quantification (N=3).
B102: How were the narratives quantified? (if applicable) | C102: model | D102: Among the studies that did link the NFF value perspectives with quantification, this was done either through models, or a combination of indicators and modelling.
...

Sheet clustered per NFF use
A1: Type of NFF use | B1: Use of quantitative methods | C1: Stakeholder engagement | D1: Number of stakeholder types | E1: Narrative development approach | F1: Methods/approach used | G1: Types of results produced | H1: Scenario types developed or used | I1: Policy cycle stages that the NFF application contributes to | J1: Publication ID
A2: Developing visions and scenarios (12 studies) | B2: No (10) | C2: Yes (8) | D2: 1 or 2 (3) 3 and above (5) | E2: Three horizons (identification of key drivers of change) (3) STEEPv framework (2) Common & specific features (1) Paired comparison among narratives (identification of differences and similarities) (1) Seeds of the good anthropocene (1) Leverage points (1) Future wheels (1) Participatory visioning (description of normative elements) (1) The ice-berg model (1) Exquisite corpse surrealist game (1) DPSIR (Indirect socio-economic drivers, direct drivers, pressures, states, Impacts on values, Responses) (1) | F2: Workshops & deliberation (7) Mapping (7) Desktop study (4) Surveys & interviews (2) Art-based practices (2) Games (1) | G2: Scientific publication(s) (8) Drawing(s)/diagram(s) (6) Narrative(s) (no time component) (5) Booklet/other publication(s) (2) Collage(s) (2) Storyline(s) (with time component) (1) Oral presentation(s) (1) Map(s) (1) | H2: Exploratory (7) Target-seeking (7) Policy-screening (1) | I2: Agenda setting (8) Policy design (7) Policy implementation (1) | J2: Yu et al., 2021 (alternative link) Durán et al., 2023 Rana et al., 2020 Mansur et al., 2022 Mayer et al., 2023 Pereira et al., 2023 Kuiper et al., 2022 Lembi et al., 2020
C3: No (2) | D3: - | F3: Desktop study (2) Mapping (2) | G3: Scientific publication(s) (2) Drawing(s)/diagram(s) (2) Narrative(s) (no time component) (1) | H3: Target-seeking (2) Policy-screening (2) | I3: Agenda setting (2) Policy design (2) Policy implementation (1) | J3: Dasgupta & Shakya, 2023 Sarkki et al., 2023
B4: Yes (2) | C4: No (2) | D4: - | E4: Common & specific features (2) SSP narrative(s) (1) | F4: Modelling (2) Desktop study (2) Mapping (2) | G4: Scientific publication(s) (2) Quantitative analyses (2) Quantitative changes in key variables in data set(s) (e.g. land cover; income) (2) Drawing(s)/diagram(s) (2) Narrative(s) (no time component) (1) Map(s) (1) | H4: Exploratory (2) Target-seeking (2) Policy-screening (2) | I4: Agenda setting (2) Policy design (2) Policy implementation (1) | J4: Haga et al., 2023 Dou et al., 2023
A5: Discussing the NFF (8 studies) | B5: No (7) | C5: Yes (5) | D5: 1 or 2 (3) 3 and above (2) | E5: Common & specific features (1) Seeds of a good anthropocene (1) Three Horizons (1) Future Wheels (1) STEEPv framework (1) | F5: Workshops & deliberation (5) Desktop study (3) Mapping (3) Art-based practices (1) | G5: Scientific publication(s) (5) Narrative(s) (no time component) (2) Drawing(s)/diagram(s) (3) Technical report(s) (2) Theater(s) (1) Collage(s) (1) | H5: Exploratory (4) Target-seeking (3) Policy-screening (1) Retrospective policy evaluation (1) | I5: Agenda setting (5) Policy design (3) Policy implementation (2) Policy review (1) | J5: Yu et al., 2021 (alternative link) Mansur et al., 2022 Pereira et al., 2020 Kim et al., 2023 Rosa et al., 2020
C6: No (2) | D6: - | F6: Desktop study (2) | G6: Scientific publication(s) (1) | H6: Exploratory (1) Target-seeking (1) Policy-screening (1) | I6: Agenda setting (2) Policy design (1) | J6: Kluiving and Waterman, 2023 Greenway, 2022
B7: Yes (1) | C7: No (1) | D7: - | F7: Desktop study (1) | G7: Scientific publication(s) (1) | H7: Exploratory (1) Target-seeking (1) | I7: Agenda setting (1) Policy design (1) | J7: Kramer et al., 2023
A8: Classification tool (7 studies) | B8: No (6) | C8: Yes (3) | D8: 3 and above (3) | F8: Surveys & interviews (3) Mapping (2) Workshops & deliberation (1) | G8: Drawing(s)/diagram(s) (3) Scientific publication(s) (3) Quantitative analyses (2) | I8: Agenda setting (3) Policy design (2) Policy review (1) | J8: Diprose et al., 2022 Dunn-Capper et al., 2023 Stronge et al., 2023
C9: No (3) | D9: - | F9: Desktop study (3) Mapping (3) Surveys & interviews (1) | G9: Scientific publication(s) (3) Drawing(s)/diagram(s) (3) | H9: Exploratory (2) Target-seeking (1) | I9: Agenda setting (3) Policy design (2) Policy review (2) | J9: De Bruin et al., 2022 Lahoti et al., 2023 Shaikh & Hamel, 2023
B10: Yes (1) | C10: No (1) | D10: - | E10: NFF used to give context to scenarios (1) | F10: Modelling (1) Desktop study (1) | G10: Scientific publication(s) (1) Quantitative analyses (1) Quantitative changes in key variables in data set(s) (e.g. land cover; income) (1) Map(s) (1) | H10: Policy-screening (1) | I10: Policy design (1) | J10: Henry et al., 2022
A11: Translating scenarios (5 studies) | B11: No (3) | C11: Yes (1) | D11: 1 or 2 (1) | E11: Paired comparison among narratives (identification of differences and similarities) (1) | F11: Workshops & deliberation (1) Desktop study (1) Mapping (1) | G11: Scientific publication(s) (1) Narrative(s) (no time component) (1) Drawing(s)/diagram(s) (1) Booklet/other publication(s) (1) Collage(s) (1) | H11: Exploratory (1) Target-seeking (1) | I11: Agenda setting (1) Policy design (1) | J11: Durán et al., 2023
C12: No (2) | D12: - | F12: Desktop study (2) Mapping (2) Surveys & interviews (1) | G12: Scientific publication(s) (2) Drawing(s)/diagram(s) (2) | H12: Exploratory (2) Target-seeking (2) | I12: Agenda setting (2) Policy design (2) | J12: Quintero-Uribe et al., 2022 De Bruin et al., 2022
B13: Yes (2) | C13: No (2) | D13: - | E13: Common & specific features (1) SSP narrative(s) (1) | F13: Modelling (2) Desktop study (2) Mapping (2) | G13: Scientific publication(s) (2) Drawing(s)/diagram(s) (2) Quantitative analyses (2) Quantitative changes in key variables in data set(s) (e.g. land cover; income) (1) Narrative(s) (no time component) (1) | H13: Exploratory (2) Target-seeking (2) Policy-screening (1) | I13: Agenda setting (2) Policy design (2) Policy implementation (1) | J13: Haga et al., 2023 Alexander et al., 2023
A14: Adapting and developing models (4 studies) | B14: No (1) | C14: Yes (1) | D14: 1 or 2 (1) | E14: - | F14: Workshops & deliberation (1) Desktop study (1) Mapping (1) | G14: Scientific publication(s) (1) Drawing(s)/diagram(s) (1) Technical report(s) (1) | H14: Exploratory (1) Target-seeking (1) Policy-screening (1) Retrospective policy evaluation (1) | I14: Agenda setting (1) Policy design (1) Policy implementation (1) Policy review (1) | J14: Kim et al., 2023
B15: Yes (3) | C15: No (3) | D15: - | E15: Common & specific features (1) | F15: Modelling (2) Desktop study (2) Mapping (1) | G15: Scientific publication(s) (3) Quantitative analyses (2) Quantitative changes in key variables in data set(s) (e.g. land cover; income) (2) Narrative(s) (no time component) (1) Drawing(s)/diagram(s) (1) Map(s) (1) | H15: Exploratory (3) Target-seeking (3) Policy-screening (1) | I15: Agenda setting (3) Policy design (3) Policy implementation (1) | J15: Kramer et al., 2023 Haga et al., 2023 Wen et al., 2022
A16: Exploration tool (3 studies) | B16: No (3) | C16: Yes (3) | D16: 1 or 2 (2) 3 and above (1) | E16: Feedback categorization (1) | F16: Workshops & deliberation (3) Desktop study (2) Mapping (2) | G16: Scientific publication(s) (3) Drawing(s)/diagram(s) (2) Narrative(s) (no time component) (1) | H16: Exploratory (2) Policy-screening (1) | I16: Agenda setting (2) Policy design (3) | J16: Palacios-Abrantes et al., 2022 Resende et al., 2020 Sarkar et al., 2020

Sheet Scopus search
A1: Authors | B1: Author full names | C1: Author(s) ID | D1: Title | E1: Year | F1: Source title | G1: DOI | H1: Link | I1: Abstract | J1: Screening results | K1: Author Keywords | L1: Index Keywords
A2: Bridgewater P.; Schmeller D.S. | B2: Bridgewater, Peter (55896958200); Schmeller, Dirk S. (55926964000) | C2: 55896958200; 55926964000 | D2: The Ninth Plenary of the Intergovernmental Platform on Biodiversity and Ecosystem Services (IPBES-9): sustainable use, values, and business (as usual) | E2: 2023 | F2: Biodiversity and Conservation | G2: 10.1007/s10531-022-02500-y | H2: https://www.scopus.com/inward/record.uri?eid=2-s2.0-85141563987&doi=10.1007%2fs10531-022-02500-y&partnerID=40&md5=0a74ccb1f1f319ba5988f5f9fee490af | I2: The Intergovernmental Science-Policy Platform for Biodiversity and Ecosystem Services (IPBES) held its ninth plenary session in hybrid form at Bonn, Germany in July 2022. The plenary had a packed agenda with assessments on the Sustainable Use of Wild Species and Values of Biodiversity to consider, as well as discuss a “Nature Future Framework” and a scoping document for business and biodiversity. Here, we present key issues that emerged from the plenary and suggest some matters Platform members need to consider for the future. © 2022, The Author(s), under exclusive licence to Springer Nature B.V. | J2: Mentions NFF | K2: Global assessment; Nature conservation; Science-policy; Stakeholders; Sustainability
A3: Declerck S.A.J.; de Senerpont Domis L.N. | B3: Declerck, Steven A. J. (7004553627); de Senerpont Domis, Lisette N. (9738359100) | C3: 7004553627; 9738359100 | D3: Contribution of freshwater metazooplankton to aquatic ecosystem services: an overview | E3: 2023 | F3: Hydrobiologia | G3: 10.1007/s10750-022-05001-9 | H3: https://www.scopus.com/inward/record.uri?eid=2-s2.0-85139135396&doi=10.1007%2fs10750-022-05001-9&partnerID=40&md5=ec9d933fa251a97d37e0f997903cce66 | I3: Although its role in the functioning of aquatic systems is widely recognized, the contribution of freshwater metazooplankton (metazoan plankton) to ecosystem services (ES) is seldom considered. Here we aim at providing a first overview of how this group contributes to ecosystem services according to the Millennium Ecosystem Assessment framework. We show that although metazooplankton hardly generates any provisioning services, it provides crucial support to the generation of other services. Metazooplankton is important for fisheries because it forms an essential food item for the larval and juvenile stages of most freshwater fish and acts as a trophic link between phytoplankton and microbial communities and the fish community. Through its stoichiometric homeostasis and ability to feed on biochemically complementary food sources it may also act as a buffer against bottom-up effects of nutrient deficiencies in primary producers. Metazooplankton often has a crucial regulatory function by controlling phytoplankton growth and dissolved organic carbon, contributing to the quality of drinking and irrigation water supplies and of the underwater light climate. It provides attractive study material for didactic purposes and some taxa have served as model systems that have considerably aided progress in scientific disciplines, such as ecology, evolutionary biology, ecotoxicology, environmental, and biomedical sciences. © 2022, The Author(s). | J3: Mentions NFF | K3: Ecological indicator; Fisheries; Grazing; Millennium Ecosystem Assessment; Nutrient cycling; Secondary production | L3: aquatic ecosystem; assessment method; dissolved organic carbon; ecosystem service; fishery; grazing; juvenile; microbial community; phytoplankton; secondary production; water quality
A4: Deutsch S.; Keller R.; Krug C.B.; Michel A.H. | B4: Deutsch, Sierra (55828606600); Keller, Roger (35740816400); Krug, Cornelia Bettina (56379872100); Michel, Annina Helena (57208368078) | C4: 55828606600; 35740816400; 56379872100; 57208368078 | D4: Transdisciplinary transformative change: an analysis of some best practices and barriers, and the potential of critical social science in getting us there | E4: 2023 | F4: Biodiversity and Conservation | G4: 10.1007/s10531-023-02576-0 | H4: https://www.scopus.com/inward/record.uri?eid=2-s2.0-85150474233&doi=10.1007%2fs10531-023-02576-0&partnerID=40&md5=5736a2a8f4d367a1e566cec9ff96223d | I4: Biodiversity experts now widely acknowledge that transformative change is best supported through transdisciplinary collaborations. Yet, such collaborations rarely successfully occur in major biodiversity research institutions and those that do rarely achieve the paradigmatic effects they aim to deliver. To gain some insight into this global phenomenon, we surveyed Swiss-based researchers and non-academic stakeholders addressing global change and biodiversity. In this article, we connect our findings to global patterns in transdisciplinary transformative change initiatives (TTCIs) and heuristically divide collaboration barriers into two categories: lack of resources and lack of vital functional elements. Two of the major themes that emerged from this research were the continued difficulties with (1) establishing a common ‘language’, understanding, and goals, and (2) meaningful pluralization of knowledge in transdisciplinary collaborations aimed at addressing global change and biodiversity loss. The former is widely cited in the literature as contributing to the failure of TTCIs in the form of incoherent problem-framing, while the latter is often identified as contributing to the lack of structural transformative change (e.g., paradigmatic shifts) in completed initiatives. Another major theme reflected in TTCI literature was limited time. Moreover, based on our own extensive inter- and transdisciplinary experience, we agree with other experts that there is a persistent lack of understanding of the potential contributions of critical social science (CSS) to TTCIs. We thus argue that enhancing resource availability for TTCIs, especially tools for improving CSS literacy, could save time and support both problem-framing alignment and delivery of the structural/paradigmatic changes we aspire to. © 2023, The Author(s). | J4: Mentions NFF | K4: Critical social science; Science-policy-practice interface; Transdisciplinary collaborations; Transformations | L4: best management practice; biodiversity; global change; language; stakeholder
A5: Johnson J.A.; Brown M.E.; Corong E.; Dietrich J.P.; C Henry R.; von Jeetze P.J.; Leclère D.; Popp A.; Thakrar S.K.; Williams D.R. | B5: Johnson, Justin Andrew (55543020500); Brown, Molly E (57535423300); Corong, Erwin (24830288000); Dietrich, Jan Philipp (57190234803); C Henry, Roslyn (58101165400); von Jeetze, Patrick José (57213269111); Leclère, David (55541733200); Popp, Alexander (35732066600); Thakrar, Sumil K (57197818098); Williams, David R (57210249590) | C5: 55543020500; 57535423300; 24830288000; 57190234803; 58101165400; 57213269111; 55541733200; 35732066600; 57197818098; 57210249590 | D5: The meso scale as a frontier in interdisciplinary modeling of sustainability from local to global scales | E5: 2023 | F5: Environmental Research Letters | G5: 10.1088/1748-9326/acb503 | H5: https://www.scopus.com/inward/record.uri?eid=2-s2.0-85147921356&doi=10.1088%2f1748-9326%2facb503&partnerID=40&md5=97cf4c7e1fccf6de8142f23876ec55db | I5: Achieving sustainable development requires understanding how human behavior and the environment interact across spatial scales. In particular, knowing how to manage tradeoffs between the environment and the economy, or between one spatial scale and another, necessitates a modeling approach that allows these different components to interact. Existing integrated local and global analyses provide key insights, but often fail to capture ‘meso-scale’ phenomena that operate at scales between the local and the global, leading to erroneous predictions and a constrained scope of analysis. Meso-scale phenomena are difficult to model because of their complexity and computational challenges, where adding additional scales can increase model run-time exponentially. These additions, however, are necessary to make models that include sufficient detail for policy-makers to assess tradeoffs. Here, we synthesize research that explicitly includes meso-scale phenomena and assess where further efforts might be fruitful in improving our predictions and expanding the scope of questions that sustainability science can answer. We emphasize five categories of models relevant to sustainability science, including biophysical models, integrated assessment models, land-use change models, earth-economy models and spatial downscaling models. We outline the technical and methodological challenges present in these areas of research and discuss seven directions for future research that will improve coverage of meso-scale effects. Additionally, we provide a specific worked example that shows the challenges present, and possible solutions, for modeling meso-scale phenomena in integrated earth-economy models. © 2023 The Author(s). Published by IOP Publishing Ltd. | J5: Mentions NFF | K5: economics; integrated assessment modeling; interdisciplinary; meso; sustainability | L5: Behavioral research; Commerce; Land use; Global scale; Human behaviors; Integrated assessment models; Interdisciplinary; Interdisciplinary modeling; Meso; Meso scale; Modeling approach; Spatial scale; Sustainability science; complexity; downscaling; environmental economics; human behavior; integrated approach; interdisciplinary approach; sustainability; sustainable development; trade-off; Sustainable development
A6: Kok M.T.J.; Meijer J.R.; van Zeist W.-J.; Hilbers J.P.; Immovilli M.; Janse J.H.; Stehfest E.; Bakkenes M.; Tabeau A.; Schipper A.M.; Alkemade R. | B6: Kok, Marcel T.J. (22938055800); Meijer, Johan R. (57194046515); van Zeist, Willem-Jan (56305815400); Hilbers, Jelle P. (56490955600); Immovilli, Marco (57222398108); Janse, Jan H. (7004037964); Stehfest, Elke (6507617253); Bakkenes, Michel (7801529646); Tabeau, Andrzej (12753130300); Schipper, Aafke M. (22136407400); Alkemade, Rob (36981462600) | C6: 22938055800; 57194046515; 56305815400; 56490955600; 57222398108; 7004037964; 6507617253; 7801529646; 12753130300; 22136407400; 36981462600 | D6: Assessing ambitious nature conservation strategies in a below 2-degree and food-secure world | E6: 2023 | F6: Biological Conservation | G6: 10.1016/j.biocon.2023.110068 | H6: https://www.scopus.com/inward/record.uri?eid=2-s2.0-85163838179&doi=10.1016%2fj.biocon.2023.110068&partnerID=40&md5=e512e020654a3089e50d0126e7836543 | I6: Global biodiversity is projected to further decline under a wide range of future socio-economic development pathways, even in sustainability-oriented scenarios. This raises the question how biodiversity can be put on a path to recovery, the core challenge for the implementation of the CBD Kunming-Montreal Global Biodiversity Framework. We designed two ambitious global conservation strategies, ‘Half Earth’ (HE) and ‘Sharing the Planet’ (SP), and evaluated their ability to restore terrestrial and freshwater biodiversity and to provide nature's contributions to people (NCP), while also limiting global warming below 2 degrees and ensuring food security. We applied the integrated assessment framework IMAGE with the GLOBIO biodiversity model, using the ‘Middle of the Road’ Shared Socio-economic Pathway (SSP2) with its projected human population growth as baseline. We found that the HE strategy performs generally better for terrestrial biodiversity (biodiversity intactness (MSA), Area of Habitat, Living Planet Index, Red List Index) in currently still natural regions. The SP strategy yields more improvements for biodiversity in human-used areas, for freshwater biodiversity and for regulating NCP (pest control, pollination, erosion control, water quality). However, both strategies were insufficient to restore biodiversity and corresponded with considerable increases in food security risks and global temperature. Only when we combined the conservation strategies with a portfolio of ‘integrated sustainability measures’, including climate change mitigation and reductions of food waste and animal product consumption, our scenarios resulted in a restoration of biodiversity and NCP while keeping global warming below two degrees and food security risks below the baseline projection. © 2023 | J6: Mentions NFF | K6: Biodiversity; Climate change; Food security; Half earth; Nature conservation; Nature's contribution to people (NCP); Sharing the planet; Solution-oriented scenarios | L6: assessment method; biodiversity; climate change; conservation planning; food security; implementation process; nature conservation; scenario analysis
A7: Kuiper J.J. | B7: Kuiper, Jan J. (56019760600) | C7: 56019760600 | D7: A plea for more freshwater experts in IPBES | E7: 2023 | F7: Aquatic Conservation: Marine and Freshwater Ecosystems | G7: 10.1002/aqc.3956 | H7: https://www.scopus.com/inward/record.uri?eid=2-s2.0-85159269448&doi=10.1002%2faqc.3956&partnerID=40&md5=b4b83629633d57e28406b35bf96fa83c | I7: Biodiversity loss occurs much faster in the world's freshwaters than in the terrestrial or marine realms, yet worries have been expressed that freshwater systems are not given the same priority as ‘land and oceans’ in global environmental governance. The Intergovernmental Science–Policy Platform on Biodiversity and Ecosystem Services (IPBES) is mandated to provide the knowledge basis supporting international environmental agreements such as the Convention on Biological Diversity. To a large extent, the work of IPBES is dependent on voluntary contributions by independent experts from across the world. Here, I present an overview of the various ways in which freshwater experts can contribute to IPBES, ultimately to strengthen the representation of freshwater ecosystems in global environmental governance. Avenues to contribute include participating in the development of IPBES assessment reports that are adopted by the 139 member states, engaging in the external review process of IPBES products, filling in knowledge gaps as identified by IPBES assessment reports to inform upcoming assessments, implementing IPBES outcomes and recommendations in practice, and actively engaging with plenary meetings of government delegations to influence decisions. Actively supporting governments worldwide in making evidence-based decisions can be intrinsically rewarding and offers several additional benefits. These benefits include the potential for enhanced professional reputation, given the authoritative nature of IPBES products; networking and collaboration opportunities with experts and stakeholders from around the world; and professional development through gaining experience in navigating the science–policy interface on biodiversity and ecosystem services. I conclude with a call to action. © 2023 The Author. Aquatic Conservation: Marine and Freshwater Ecosystems published by John Wiley & Sons Ltd. | J7: Mentions NFF | K7: aquatic conservation; biodiversity crisis; environmental assessments; freshwater ecosystems; science–policy interface | L7: biodiversity; freshwater ecosystem; networking
A8: Maller C. | B8: Maller, Cecily (12647042900) | C8: 12647042900 | D8: Turning things around: A discussion of values, practices, and action in the context of social-ecological change | E8: 2023 | F8: People and Nature | G8: 10.1002/pan3.10272 | H8: https://www.scopus.com/inward/record.uri?eid=2-s2.0-85117802780&doi=10.1002%2fpan3.10272&partnerID=40&md5=a02dab5b79f6268171c81ba7ab712840 | I8: This special feature concerns understanding human-nature relations through the lens of values to comprehend how values of the natural world connect with wider processes of change, action and transformation in social-ecological systems. The relationships between values and action have preoccupied several disciplines and multiple discourses concerned with implementing change, including sustainability and health, and conservation. Focusing on the conceptual underpinnings of how values, action and change are generally understood, this paper proposes an alternate view informed by more-than-human thinking and theories of social practices. In doing so, it aims to closely scrutinise the relationship between values and actions in the context of creating transformative change. In highlighting this relationship and presenting some different ways to understand it, the paper aims to contribute to deepening understanding of how to relate to, value and act for nature and how this might be encouraged. One of the most common pathways assumed to generate action is based on the idea that action is driven by values, and that in order to change action, we therefore need to change values. The paper questions the assumed relationship between values and actions and its direction, and instead posits that beginning with actions is a more productive place to start. To work through these ideas, I introduce more-than-human theories, focusing on theories of social practice, to discuss how these theories can change how values and actions are conceptualised, how the relationships between them can be understood, and what these ideas can mean for rethinking how to achieve social-ecological change. A free Plain Language Summary can be found within the Supporting Information of this article. © 2021 The Authors. People and Nature published by John Wiley & Sons Ltd on behalf of British Ecological Society. | J8: Mentions NFF | K8: behaviour; everyday life; gardening; more-than-human; policy; relational theories; social practices
A9: Chien H.; Saito O.; Fukushi K. | B9: Chien, Herlin (56763541500); Saito, Osamu (57990138500); Fukushi, Kensuke (35560440000) | C9: 56763541500; 57990138500; 35560440000 | D9: Is ensuring the sustainable implementation of BGI possible? System thinking of urban rivers as social-ecological systems | E9: 2022 | F9: Blue-Green Infrastructure Across Asian Countries: Improving Urban Resilience and Sustainability | G9: 10.1007/978-981-16-7128-9_5 | H9: https://www.scopus.com/inward/record.uri?eid=2-s2.0-85152357404&doi=10.1007%2f978-981-16-7128-9_5&partnerID=40&md5=cee2278534e68812a4a60f565c3726a6 | I9: With the mounting pressure of urbanization, how innovative blue-green infrastructure (BGI) can restore the ecosystem services of urban rivers is a timely issue for any densely populated city seeking to improve its resilience and sustainability through ecosystem-based solutions. Yet, the implementation of BGI is not hazard-free. Its success usually depends on a variety of contextual attributes. By discussing field research on two urban streams in southern Taiwan, this chapter adopts a system thinking perspective to explore, evaluate, and search for the combination of contextual attributes that not only enables the development of sustainable urban rivers but also improves the resilience of cities. In particular, to understand the macro system behavior and the problem of social-ecological misfit are the analytical focuses of this study. By analyzing the mental models of two urban river cases, this study identifies three misfit problems pertaining to the contextual attributes that can inhibit BGI-induced urban sustainability in the long run: (1) the problem of missing feedback, (2) the problem of trade-offs, and (3) the lack of systematic resilience strategies. The advantage of using a system thinking approach is that it allows for the holistic implementation of BGI while reminding policymakers and researchers of the need to craft BGI strategies in connection with, rather than in isolation from, social, economic, and political environments. This study also demonstrates the importance of being aware of the dynamic relationship between resource users, public infrastructure providers, public infrastructure, and resource systems. © The Author(s), under exclusive license to Springer Nature Singapore Pte Ltd. 2022. | J9: Mentions NFF | K9: Ecosystem services; Grey water; Nature for Society; Social-ecological misfit; System thinking
A10: Ferreira M.A.; Johnson D.E.; Andrade F. | B10: Ferreira, Maria Adelaide (55557476000); Johnson, David E. (55699214200); Andrade, Francisco (14057616800) | C10: 55557476000; 55699214200; 14057616800 | D10: The Need for a Global Ocean Vision Within Biodiversity Beyond National Jurisdiction: A Key Role for Strategic Environmental Assessment | E10: 2022 | F10: Frontiers in Marine Science | G10: 10.3389/fmars.2022.878077 | H10: https://www.scopus.com/inward/record.uri?eid=2-s2.0-85135144499&doi=10.3389%2ffmars.2022.878077&partnerID=40&md5=84641f4bff9d37ceb2392113cf2634d0 | I10: An ecosystem-based forward-looking vision for the global ocean, encompassing ocean health and productivity, ecosystem integrity and resilience, incorporating area beyond national jurisdiction, is fundamental. A vision which is holistic and universally acceptable to guide future sustainable ocean policies, plans and programmes (PPPs). We argue that Strategic Environmental Assessment (SEA) is the best available framework to develop such a vision and its suitability for this purpose should be recognised within the on-going process to negotiate an International Legally Binding Instrument (ILBI) for the conservation and sustainable use of Biodiversity Beyond National Jurisdiction (BBNJ Agreement). This perspective paper justifies why such an ecosystem-based Global Ocean Vision is essential. It then describes the key characteristics it must integrate and how it can be elaborated in the framework of a collective SEA within the BBNJ process. We advocate expanding text in Part I General Provisions of the draft BBNJ Agreement to include development of such a global ocean vision. We conclude by highlighting the opportunity and timeliness of this proposal, with the fifth session of the IGC of BBNJ tentatively scheduled for August 2022. Copyright © 2022 Ferreira, Johnson and Andrade. | J10: Mentions NFF | K10: BBNJ Agreement; ecosystem-based approach; global ocean vision; strategic environmental assessment; UNCLOS
A11: Fougères D.; Jones M.; McElwee P.D.; Andrade A.; Edwards S.R. | B11: Fougères, Dorian (57541346700); Jones, Mike (57074902300); McElwee, Pamela D. (24537336400); Andrade, Angela (55486795700); Edwards, Stephen R. (57212266355) | C11: 57541346700; 57074902300; 24537336400; 55486795700; 57212266355 | D11: Transformative conservation of ecosystems | E11: 2022 | F11: Global Sustainability | G11: 10.1017/sus.2022.4 | H11: https://www.scopus.com/inward/record.uri?eid=2-s2.0-85126754021&doi=10.1017%2fsus.2022.4&partnerID=40&md5=af56c376b26fb51bc10b618899c81c90 | I11: Non-technical summary Many conservation initiatives call for 'transformative change' to counter biodiversity loss, climate change, and injustice. The term connotes fundamental, broad, and durable changes to human relationships with nature. However, if oversimplified or overcomplicated, or not focused enough on power and the political action necessary for change, associated initiatives can perpetuate or exacerbate existing crises. This article aims to help practitioners deliberately catalyze and steer transformation processes. It provides a theoretically and practically grounded definition of 'transformative conservation', along with six strategic, interlocking recommendations. These cover systems pedagogy, political mobilization, inner transformation, as well as planning, action, and continual adjustment. Technical summary Calls for 'transformative change' point to the fundamental reorganization necessary for global conservation initiatives to stem ecological catastrophe. However, the concept risks being oversimplified or overcomplicated, and focusing too little on power and the political action necessary for change. Accordingly, its intersection with contemporary biodiversity and climate change mitigation initiatives needs explicit deliberation and clarification. This article advances the praxis of 'transformative conservation' as both (1) a desired process that rethinks the relationships between individuals, society, and nature, and restructures systems accordingly, and (2) a desired outcome that conserves biodiversity while justly transitioning to net zero emission economies and securing the sustainable and regenerative use of natural resources. It first reviews criticisms of area-based conservation targets, natural climate solutions, and nature-based solutions that are framed as transformative, including issues of ecological integrity, livelihoods, gender, equity, growth, power, participation, knowledge, and governance. It then substantiates six strategic recommendations designed to help practitioners deliberately steer transformation processes. These include taking a systems approach; partnering with political movements to achieve equitable and just transformation; linking societal with personal ('inner') transformation; updating how we plan; facilitating shifts from diagnosis and planning to action; and improving our ability to adjust to transformation as it occurs. Social media summary Curious about stemming the global biodiversity and climate crises? Browse this article on transformative conservation! Copyright © The Author(s), 2022. Published by Cambridge University Press. | J11: Mentions NFF | K11: adaptation and mitigation; and governance; ecology and biodiversity; planning and design; policies; politics
A12: Garcia C.A.; Savilaakso S.; Verburg R.W.; Stoudmann N.; Fernbach P.; Sloman S.A.; Peterson G.D.; Araújo M.B.; Bastin J.-F.; Blaser J.; Boutinot L.; Crowther T.W.; Dessard H.; Dray A.; Francisco S.; Ghazoul J.; Feintrenie L.; Hainzelin E.; Kleinschroth F.; Naimi B.; Novotny I.P.; Oszwald J.; Pietsch S.A.; Quétier F.; Robinson B.E.; Sassen M.; Sist P.; Sunderland T.; Vermeulen C.; Wilmé L.; Wilson S.J.; Zorondo-Rodríguez F.; Waeber P.O. | B12: Garcia, Claude A. (21742496800); Savilaakso, Sini (26029575000); Verburg, René W. (7004717751); Stoudmann, Natasha (57195737786); Fernbach, Philip (26538681100); Sloman, Steven A. (6701432489); Peterson, Garry D. (7402563008); Araújo, Miguel B. (7202962622); Bastin, Jean-François (55801125400); Blaser, Jürgen (55211560500); Boutinot, Laurence (6503930499); Crowther, Thomas W. (37120034900); Dessard, Hélène (6508237784); Dray, Anne (16306659200); Francisco, Scott (57196437568); Ghazoul, Jaboury (6701446862); Feintrenie, Laurène (23096840200); Hainzelin, Etienne (6508021552); Kleinschroth, Fritz (36696457000); Naimi, Babak (37461933100); Novotny, Ivan P. (57220434294); Oszwald, Johan (36677880800); Pietsch, Stephan A. (6701654158); Quétier, Fabien (23393595800); Robinson, Brian E. (56670451000); Sassen, Marieke (15842691100); Sist, Plinio (6603621678); Sunderland, Terry (19338072100); Vermeulen, Cédric (26428620400); Wilmé, Lucienne (24292328200); Wilson, Sarah J. (56848464100); Zorondo-Rodríguez, Francisco (35759975400); Waeber, Patrick O. (36545529400) | C12: 21742496800; 26029575000; 7004717751; 57195737786; 26538681100; 6701432489; 7402563008; 7202962622; 55801125400; 55211560500; 6503930499; 37120034900; 6508237784; 16306659200; 57196437568; 6701446862; 23096840200; 6508021552; 36696457000; 37461933100; 57220434294; 36677880800; 6701654158; 23393595800; 56670451000; 15842691100; 6603621678; 19338072100; 26428620400; 24292328200; 56848464100; 35759975400; 36545529400 | D12: Strategy games to improve environmental policymaking | E12: 2022 | F12: Nature Sustainability | G12: 10.1038/s41893-022-00881-0 | H12: https://www.scopus.com/inward/record.uri?eid=2-s2.0-85130068426&doi=10.1038%2fs41893-022-00881-0&partnerID=40&md5=b73fe674e51afa800c7abe9690dbd654 | I12: While the scientific community documents environmental degradation and develops scenarios to identify the operational margins of system Earth, less attention is given to how decisions are made that steer the system in one direction or the other. We propose to use strategy games for this purpose, increasing the representation of human agency in scenario development and creating spaces for deliberation between different worldviews. Played by the right people, strategy games could help break free from established norms and support more transparent democratic dialogues, responding to the human and social limitations of current decision-making. The question is, who gets to play? © 2022, Springer Nature Limited. | J12: Mentions NFF | L12: Behavioral research; 'current; Decisions makings; Human agency; Policy making; Scenario development; Scientific community; Strategy games; Decision making
A13: Harmáčková Z.V.; Blättler L.; Aguiar A.P.D.; Daněk J.; Krpec P.; Vačkářová D. | B13: Harmáčková, Zuzana V. (56090465900); Blättler, Linda (57223436624); Aguiar, Ana Paula D. (7005379013); Daněk, Jan (57208642801); Krpec, Petr (57202854113); Vačkářová, Davina (57221968315) | C13: 56090465900; 57223436624; 7005379013; 57208642801; 57202854113; 57221968315 | D13: Linking multiple values of nature with future impacts: value-based participatory scenario development for sustainable landscape governance | E13: 2022 | F13: Sustainability Science | G13: 10.1007/s11625-021-00953-8 | H13: https://www.scopus.com/inward/record.uri?eid=2-s2.0-85105884782&doi=10.1007%2fs11625-021-00953-8&partnerID=40&md5=5156575e4d4cde0e0902038c4b05760e | I13: Reaching sustainable and just futures for people and nature requires tackling complex social-ecological challenges across multiple scales, from local to global. Pathways towards such futures are largely driven by people’s decisions and actions, underpinned by multiple types of motivations and values. Thus, understanding the link between potential futures and the values underpinning them represents a key question of current sustainability research, recently embraced by the Intergovernmental Science-Policy Platform for Biodiversity and Ecosystem Services (IPBES). Particularly the understanding of causal chains leading from values to futures across different contexts and scales is vital to identify which sustainability pathways to collectively pursue. In this study, we build on a transdisciplinary knowledge co-creation process in an array of local case studies in protected areas in the Czechia (Central Europe). We apply the Life Framework of Values and the Three Horizons framework in an innovative value-based participatory scenario building process to explore the relationships between (1) multiple types of values, (2) actions taken by different types of stakeholders, and (3) their potential impacts on nature, nature’s contributions to people (including ecosystem services) and good quality of life. The resulting local-scale value-based pathways show the complex relationship between multiple types of values for nature and potential future trajectories. Finally, we reflect on the utility of value-based participatory scenario planning as a means to strengthen sustainable governance. We highlight that if participatory deliberation of values is to support decision-making processes, its design needs to carefully reflect local context and institutional set-up. © 2021, The Author(s). | J13: Mentions NFF | K13: Future pathways; Human-nature relationships; IPBES; Participatory scenario building; Social-ecological values; Sustainability governance
A14: Keys P.W.; Keys M.P. | B14: Keys, Patrick W. (57201346439); Keys, Matthew P. (57913189800) | C14: 57201346439; 57913189800 | D14: Creating a climate changed future with the sea level rise interactive-fiction game “Lagos2199” | E14: 2022 | F14: Ecology and Society | G14: 10.5751/ES-13393-270340 | H14: https://www.scopus.com/inward/record.uri?eid=2-s2.0-85139155290&doi=10.5751%2fES-13393-270340&partnerID=40&md5=c6dd8ab9ae7497d863678393ffa31ba4 | I14: Story-based futures serve an important role in climate change scenario development. Stories are particularly useful in exploring sea level rise possibilities, since we know many coastal areas are specifically vulnerable to accelerating rises in sea level. This discrete change in coastline is different from most other climate change impacts, and offers a clear basis for scientifically informed, future scenarios. We demonstrated this with a creative world-building effort set in Lagos, Nigeria in the year 2199. Further, we employed story-based scenario development, and created a learning-oriented serious game that allows users to experience a future Lagos in an open-ended, text-based adventure style. This collaborative process blended scientific research, story-telling, and artistic co-creation to iteratively construct the game “Lagos2199”. A pilot-use case of Lagos2199 is documented herein, with preliminary survey results from the student users. We present two core insights. First, we demonstrate how scientific projections regarding sea level rise can be leveraged as an entry point for world-building and scenario development of the future. Second, we show that such a scenario can be transformed into an immersive, story-based serious game to creatively communicate possible futures. Providing the next generation of citizens with fluency in both climate change impacts and how society will interact with such impacts is critical for providing adaptive capacity over the coming decades and centuries of accelerating global change. © 2022 by the author(s). Published here under license by the Resilience Alliance. | J14: Mentions NFF | K14: climate change; education; fiction; future; Lagos; Nigeria; sea level rise; serious game | L14: Nigeria; climate change; climate effect; coastal zone; education; sea level change
A15: Knoke T.; Gosling E.; Reith E.; Gerique A.; Pohle P.; Valle Carrión L.; Ochoa Moreno W.S.; Castro L.M.; Calvas B.; Hildebrandt P.; Döllerer M.; Bastit F.; Paul C. | B15: Knoke, Thomas (57189897796); Gosling, Elizabeth (36536975300); Reith, Esther (57211574546); Gerique, Andres (35768880000); Pohle, Perdita (6603154315); Valle Carrión, Liz (57214881360); Ochoa Moreno, Wilman Santiago (57194453420); Castro, Luz Maria (55326145300); Calvas, Baltazar (35744552200); Hildebrandt, Patrick (25927133700); Döllerer, Martin (55950160300); Bastit, Félix (57561880700); Paul, Carola (56396104700) | C15: 57189897796; 36536975300; 57211574546; 35768880000; 6603154315; 57214881360; 57194453420; 55326145300; 35744552200; 25927133700; 55950160300; 57561880700; 56396104700 | D15: Confronting sustainable intensification with uncertainty and extreme values on smallholder tropical farms | E15: 2022 | F15: Sustainability Science | G15: 10.1007/s11625-022-01133-y | H15: https://www.scopus.com/inward/record.uri?eid=2-s2.0-85127598901&doi=10.1007%2fs11625-022-01133-y&partnerID=40&md5=6b812ed7623a71fcb460e594cb46d76b | I15: Sustainable intensification of agricultural lands might reconcile the conservation of tropical forest with food production, but in-depth assessments considering uncertainty and extreme values are missing. Uncertainty prohibits mapping probabilities to potential future states or ranking these states in terms of their likelihood. This in turn hampers the assessment of possible decision outcomes. Here, we use simulations to investigate how uncertainty may influence the social acceptability of alternative land-use strategies to halt tropical deforestation (including sustainable intensification), based on indicators representing farmer satisfaction. The results show how extreme values (worst values) for indicators of farmer satisfaction may undermine the adoption of sustainable intensification. We demonstrate that a pure forest conservation strategy leads to lower food production, but outperforms a sustainable intensification strategy that maintains food security. Pure forest conservation performed better, i.e., could secure higher farmer satisfaction, than sustainable intensification across a range of indicator groups. This suggests strong barriers to achieving sustainable intensification. Using agricultural subsidies breaks the dominance of pure forest conservation by enhancing the economic returns of sustainable intensification. We discuss the importance of access to labor and farmers’ preferences for the use of already cleared lands, which achieved the worst values under sustainable intensification and conclude that any assessment of land-use strategies requires careful consideration of uncertainty and extreme values. © 2022, The Author(s). | J15: Mentions NFF | K15: Agricultural intensification; Farmer preferences; Land allocation; Multiple objective robust optimization; Off-farm income; Tropical deforestation
A16: Leltz G.; Van Altena C.; Mooij W.; Teurlincx S.; Veenstra A.; Van Wijk D.; Kuiper J. | B16: Leltz, Georgette (57705003000); Van Altena, Cassandra (56165259600); Mooij, Wolf (7003743751); Teurlincx, Sven (56189978400); Veenstra, Abe (58030989700); Van Wijk, Dianneke (57203975553); Kuiper, Jan (56019760600) | C16: 57705003000; 56165259600; 7003743751; 56189978400; 58030989700; 57203975553; 56019760600 | D16: National Park 3.0: a welcome addition to the diversity of national parks?; [Nationaal Park 3.0 Een welkome toevoeging aan de diversiteit van nationale parken?] | E16: 2022 | F16: Landschap | H16: https://www.scopus.com/inward/record.uri?eid=2-s2.0-85144749714&partnerID=40&md5=5a308d9804c4ca010972511bb28a1364 | I16: Protected areas are the cornerstone of nature conservation, although this approach has not prevented the current biodiversity crisis. In addition, the approach leads to the suggestion that only organisms living within these areas constitute nature. Nature, however, cannot be spatially constrained, and the same holds for human influence on nature. In this essay we develop an area-wide and human-inclusive vision of nature conservation into a new approach for national parks that we call National Park 3.0 (NP 3.0). The concept is rooted in a re-evaluation of human-nature relations sensu the Nature Futures Framework developed under IPBES. Moreover, we note that 'landscape' has always been a social-ecological concept since the term was coined by i7,h century Dutch painters. Finally, we note that nature and human infrastructure are deeply entangled at multiple spatial scales in modern landscapes. We define NP 3.0 spatially by the contours of a landscape that is recognizable by people and has geomorphological and ecological coherence. We relate NP 3.0 to other initiatives for restoring biodiversity and provide a conceptual design for NP 3.0. Throughout this essay we use Nationaal Park Hollandse Duinen as a case study where NP 3.0 is worked out in practice. © 2022 Werkgemeenschap Landschapsecologisch Onderzoek. All rights reserved. | J16: Mentions NFF
A17: Low S.; Baum C.M.; Sovacool B.K. | B17: Low, Sean (56417223300); Baum, Chad M. (57192099710); Sovacool, Benjamin K. (9333655700) | C17: 56417223300; 57192099710; 9333655700 | D17: Undone science in climate interventions: Contrasting and contesting anticipatory assessments by expert networks | E17: 2022 | F17: Environmental Science and Policy | G17: 10.1016/j.envsci.2022.08.026 | H17: https://www.scopus.com/inward/record.uri?eid=2-s2.0-85138090045&doi=10.1016%2fj.envsci.2022.08.026&partnerID=40&md5=0414d49d42a8e0bda13c26ffa06cd245 | I17: In global climate governance, anticipatory assessments map future options and pathways, in light of prospective risks and uncertainties, to inform present-day planning. Using data from 125 interviews, we ask: How are foundational experts contesting the conduct of anticipatory assessment of carbon removal and solar geoengineering – as two emerging but controversial strategies for engaging with climate change and achieving Net Zero targets? We find that efforts at carbon removal and solar geoengineering assessment leverage and challenge systems modeling that has become dominant in mapping and communicating future climate impacts and mitigation strategies via IPCC reports. Both suites of climate intervention have become stress-tests for the capacity of modeling to assess socio-technical strategies with complex, systemic dimensions. Meanwhile, exploring societal dimensions demands new modes of disciplinary expertise, qualitative and deliberative practices, and stakeholder inclusion that modelling processes struggle to incorporate. Finally, we discuss how the patterns of expert contestation identified in our results speak to multiple fault-lines within ongoing debates on reforming global environmental assessments, and highlights key open questions to be addressed. © 2022 The Authors | J17: Mentions NFF | K17: Anticipation; Carbon removal; Climate assessment; Global environmental assessment; Solar geoengineering; Systems modeling | L17: carbon; climate change; climate effect; environmental assessment; global climate; governance approach; mitigation; strategic approach; Article; climate change; climate engineering; environmental impact assessment; environmental mitigation; global climate; human; negative emission technology; semi structured interview; stakeholder engagement
A18: Maasri A.; Jähnig S.C.; Adamescu M.C.; Adrian R.; Baigun C.; Baird D.J.; Batista-Morales A.; Bonada N.; Brown L.E.; Cai Q.; Campos-Silva J.V.; Clausnitzer V.; Contreras-MacBeath T.; Cooke S.J.; Datry T.; Delacámara G.; De Meester L.; Dijkstra K.-D.B.; Do V.T.; Domisch S.; Dudgeon D.; Erös T.; Freitag H.; Freyhof J.; Friedrich J.; Friedrichs-Manthey M.; Geist J.; Gessner M.O.; Goethals P.; Gollock M.; Gordon C.; Grossart H.-P.; Gulemvuga G.; Gutiérrez-Fonseca P.E.; Haase P.; Hering D.; Hahn H.J.; Hawkins C.P.; He F.; Heino J.; Hermoso V.; Hogan Z.; Hölker F.; Jeschke J.M.; Jiang M.; Johnson R.K.; Kalinkat G.; Karimov B.K.; Kasangaki A.; Kimirei I.A.; Kohlmann B.; Kuemmerlen M.; Kuiper J.J.; Kupilas B.; Langhans S.D.; Lansdown R.; Leese F.; Magbanua F.S.; Matsuzaki S.-I.S.; Monaghan M.T.; Mumladze L.; Muzon J.; Mvogo Ndongo P.A.; Nejstgaard J.C.; Nikitina O.; Ochs C.; Odume O.; Opperman J.J.; Patricio H.; Pauls S.; Raghavan R.; Ramírez A.; Rashni B.; Ross-Gillespie V.; Samways M.J.; Schäfer R.B.; Schmidt-Kloiber A.; Seehausen O.; Shah D.N.; Sharma S.; Soininen J.; Sommerwerk N.; Stockwell J.D.; Suhling F.; Tachamo Shah R.D.; Tharme R.E.; Thorp J.H.; Tickner D.; Tockner K.; Tonkin J.D.; Valle M.; Vitule J.; Volk M.; Wang D.; Wolter C.; Worischka S. | B18: Maasri, Alain (10046606900); Jähnig, Sonja C. (24437492700); Adamescu, Mihai C. (6504491072); Adrian, Rita (7103321653); Baigun, Claudio (6602527283); Baird, Donald J. (7202707979); Batista-Morales, Angelica (57360731100); Bonada, Núria (6508310685); Brown, Lee E. (55386674600); Cai, Qinghua (57697335500); Campos-Silva, Joao V. (57208457270); Clausnitzer, Viola (7004389844); Contreras-MacBeath, Topiltzin (6506469247); Cooke, Steven J. (24320083600); Datry, Thibault (6602386025); Delacámara, Gonzalo (12771941200); De Meester, Luc (7004998563); Dijkstra, Klaus-Douwe B. (16229896600); Do, Van Tu (57360150800); Domisch, Sami (39862910500); Dudgeon, David (7006559840); Erös, Tibor (55897074200); Freitag, Hendrik (7005901831); Freyhof, Joerg (56125204100); Friedrich, Jana (57360434400); Friedrichs-Manthey, Martin (57205142207); Geist, Juergen (7006819886); Gessner, Mark O. (26534107100); Goethals, Peter (8453517900); Gollock, Matthew (9040770900); Gordon, Christopher (7401477467); Grossart, Hans-Peter (6701843345); Gulemvuga, Georges (56217886400); Gutiérrez-Fonseca, Pablo E. (43061329500); Haase, Peter (36885695900); Hering, Daniel (7006599144); Hahn, Hans Jürgen (23024729700); Hawkins, Charles P. (7202253959); He, Fengzhi (57218963697); Heino, Jani (7005906596); Hermoso, Virgilio (24447841500); Hogan, Zeb (6507296602); Hölker, Franz (6602719766); Jeschke, Jonathan M. (8570480700); Jiang, Meilan (57360580700); Johnson, Richard K. (55663566200); Kalinkat, Gregor (36339788200); Karimov, Bakhtiyor K. (8625048300); Kasangaki, Aventino (6507167759); Kimirei, Ismael A. (23088611000); Kohlmann, Bert (14521324500); Kuemmerlen, Mathias (55340989000); Kuiper, Jan J. (56019760600); Kupilas, Benjamin (56919607800); Langhans, Simone D. (12759816700); Lansdown, Richard (7006665218); Leese, Florian (7801416655); Magbanua, Francis S. (36451064300); Matsuzaki, Shin-ichiro S. (16175379200); Monaghan, Michael T. (9846606200); Mumladze, Levan (24485206800); Muzon, Javier (6505796276); Mvogo Ndongo, Pierre A. (57193697514); Nejstgaard, Jens C. (6602493661); Nikitina, Oxana (57512868400); Ochs, Clifford (6701654669); Odume, Oghenekaro Nelson (55201969000); Opperman, Jeffrey J. (6602775724); Patricio, Harmony (57191959106); Pauls, Steffen U. (7004559861); Raghavan, Rajeev (16203946400); Ramírez, Alonso (7401735232); Rashni, Bindiya (57215370927); Ross-Gillespie, Vere (54906228200); Samways, Michael J. (7004518089); Schäfer, Ralf B. (57212502812); Schmidt-Kloiber, Astrid (6506641618); Seehausen, Ole (57207566950); Shah, Deep Narayan (55224459500); Sharma, Subodh (56510589400); Soininen, Janne (35621311000); Sommerwerk, Nike (6503876410); Stockwell, Jason D. (7003712059); Suhling, Frank (6603552802); Tachamo Shah, Ram Devi (55224495700); Tharme, Rebecca E. (6508104706); Thorp, James H. (57203069616); Tickner, David (55535134200); Tockner, Klement (7004652754); Tonkin, Jonathan D. (35575180300); Valle, Mireia (55438409100); Vitule, Jean (14030667400); Volk, Martin (7004320816); Wang, Ding (54991518300); Wolter, Christian (7004627497); Worischka, Susanne (6507307878) | C18: 10046606900; 24437492700; 6504491072; 7103321653; 6602527283; 7202707979; 57360731100; 6508310685; 55386674600; 57697335500; 57208457270; 7004389844; 6506469247; 24320083600; 6602386025; 12771941200; 7004998563; 16229896600; 57360150800; 39862910500; 7006559840; 55897074200; 7005901831; 56125204100; 57360434400; 57205142207; 7006819886; 26534107100; 8453517900; 9040770900; 7401477467; 6701843345; 56217886400; 43061329500; 36885695900; 7006599144; 23024729700; 7202253959; 57218963697; 7005906596; 24447841500; 6507296602; 6602719766; 8570480700; 57360580700; 55663566200; 36339788200; 8625048300; 6507167759; 23088611000; 14521324500; 55340989000; 56019760600; 56919607800; 12759816700; 7006665218; 7801416655; 36451064300; 16175379200; 9846606200; 24485206800; 6505796276; 57193697514; 6602493661; 57512868400; 6701654669; 55201969000; 6602775724; 57191959106; 7004559861; 16203946400; 7401735232; 57215370927; 54906228200; 7004518089; 57212502812; 6506641618; 57207566950; 55224459500; 56510589400; 35621311000; 6503876410; 7003712059; 6603552802; 55224495700; 6508104706; 57203069616; 55535134200; 7004652754; 35575180300; 55438409100; 14030667400; 7004320816; 54991518300; 7004627497; 6507307878 | D18: A global agenda for advancing freshwater biodiversity research | E18: 2022 | F18: Ecology Letters | G18: 10.1111/ele.13931 | H18: https://www.scopus.com/inward/record.uri?eid=2-s2.0-85120486286&doi=10.1111%2fele.13931&partnerID=40&md5=bd733f1909d40c9ba84464b48778efc0 | I18: Global freshwater biodiversity is declining dramatically, and meeting the challenges of this crisis requires bold goals and the mobilisation of substantial resources. While the reasons are varied, investments in both research and conservation of freshwater biodiversity lag far behind those in the terrestrial and marine realms. Inspired by a global consultation, we identify 15 pressing priority needs, grouped into five research areas, in an effort to support informed stewardship of freshwater biodiversity. The proposed agenda aims to advance freshwater biodiversity research globally as a critical step in improving coordinated actions towards its sustainable management and conservation. © 2021 The Authors. Ecology Letters published by John Wiley & Sons Ltd. | J18: Mentions NFF | L18: Biodiversity; Conservation of Natural Resources; Ecosystem; Fresh Water; fresh water; biodiversity; conservation management; freshwater; biodiversity; ecosystem; environmental protection
A19: Monsarrat S.; Fernández N.; Pereira H.M.; Svenning J.-C. | B19: Monsarrat, Sophie (55544419200); Fernández, Néstor (56185174300); Pereira, Henrique M. (35750332100); Svenning, Jens-Christian (55010991900) | C19: 55544419200; 56185174300; 35750332100; 55010991900 | D19: Supporting the restoration of complex ecosystems requires long-term and multi-scale perspectives | E19: 2022 | F19: Ecography | G19: 10.1111/ecog.06354 | H19: https://www.scopus.com/inward/record.uri?eid=2-s2.0-85127223146&doi=10.1111%2fecog.06354&partnerID=40&md5=95b34761670c8d22e1ddf61debc7c1b6 | I19: [No abstract available] | J19: Mentions NFF
A20: Perino A.; Pereira H.M.; Felipe-Lucia M.; Kim H.; Kühl H.S.; Marselle M.R.; Meya J.N.; Meyer C.; Navarro L.M.; van Klink R.; Albert G.; Barratt C.D.; Bruelheide H.; Cao Y.; Chamoin A.; Darbi M.; Dornelas M.; Eisenhauer N.; Essl F.; Farwig N.; Förster J.; Freyhof J.; Geschke J.; Gottschall F.; Guerra C.; Haase P.; Hickler T.; Jacob U.; Kastner T.; Korell L.; Kühn I.; Lehmann G.U.C.; Lenzner B.; Marques A.; Motivans Švara E.; Quintero L.C.; Pacheco A.; Popp A.; Rouet-Leduc J.; Schnabel F.; Siebert J.; Staude I.R.; Trogisch S.; Švara V.; Svenning J.-C.; Pe'er G.; Raab K.; Rakosy D.; Vandewalle M.; Werner A.S.; Wirth C.; Xu H.; Yu D.; Zinngrebe Y.; Bonn A. | B20: Perino, Andrea (57204318934); Pereira, Henrique M. (35750332100); Felipe-Lucia, Maria (55773643400); Kim, HyeJin (57202103931); Kühl, Hjalmar S. (23469575000); Marselle, Melissa R. (21739775200); Meya, Jasper N. (57189265335); Meyer, Carsten (56699288600); Navarro, Laetitia M. (36955518000); van Klink, Roel (24170117600); Albert, Georg (57219166796); Barratt, Christopher D. (56013180100); Bruelheide, Helge (6701704534); Cao, Yun (56710783900); Chamoin, Ariane (57351044600); Darbi, Marianne (57199330616); Dornelas, Maria (12767296600); Eisenhauer, Nico (22939857600); Essl, Franz (23088206100); Farwig, Nina (57205249405); Förster, Johannes (55791658600); Freyhof, Jörg (56125204100); Geschke, Jonas (57211291537); Gottschall, Felix (57190186718); Guerra, Carlos (7004786345); Haase, Peter (36885695900); Hickler, Thomas (6507952158); Jacob, Ute (56213822100); Kastner, Thomas (35172987400); Korell, Lotte (56014461600); Kühn, Ingolf (7005445011); Lehmann, Gerlind U. C. (35933417000); Lenzner, Bernd (57188956185); Marques, Alexandra (56783638400); Motivans Švara, Elena (57323206900); Quintero, Laura C. (57350932100); Pacheco, Andrea (57224718929); Popp, Alexander (35732066600); Rouet-Leduc, Julia (57222637308); Schnabel, Florian (57194869743); Siebert, Julia (57190185928); Staude, Ingmar R. (57200312838); Trogisch, Stefan (37762281200); Švara, Vid (56780181500); Svenning, Jens-Christian (55010991900); Pe'er, Guy (6506482005); Raab, Kristina (57520819100); Rakosy, Demetra (55329126000); Vandewalle, Marie (26023903700); Werner, Alexandra S. (57212390519); Wirth, Christian (35429150600); Xu, Haigen (7407448726); Yu, Dandan (55368913000); Zinngrebe, Yves (57188752536); Bonn, Aletta (6602394803) | C20: 57204318934; 35750332100; 55773643400; 57202103931; 23469575000; 21739775200; 57189265335; 56699288600; 36955518000; 24170117600; 57219166796; 56013180100; 6701704534; 56710783900; 57351044600; 57199330616; 12767296600; 22939857600; 23088206100; 57205249405; 55791658600; 56125204100; 57211291537; 57190186718; 7004786345; 36885695900; 6507952158; 56213822100; 35172987400; 56014461600; 7005445011; 35933417000; 57188956185; 56783638400; 57323206900; 57350932100; 57224718929; 35732066600; 57222637308; 57194869743; 57190185928; 57200312838; 37762281200; 56780181500; 55010991900; 6506482005; 57520819100; 55329126000; 26023903700; 57212390519; 35429150600; 7407448726; 55368913000; 57188752536; 6602394803 | D20: Biodiversity post-2020: Closing the gap between global targets and national-level implementation | E20: 2022 | F20: Conservation Letters | G20: 10.1111/conl.12848 | H20: https://www.scopus.com/inward/record.uri?eid=2-s2.0-85119686085&doi=10.1111%2fconl.12848&partnerID=40&md5=94b7de62e9b032303b95283856cbdbfc | I20: National and local governments need to step up efforts to effectively implement the post-2020 global biodiversity framework of the Convention on Biological Diversity to halt and reverse worsening biodiversity trends. Drawing on recent advances in interdisciplinary biodiversity science, we propose a framework for improved implementation by national and subnational governments. First, the identification of actions and the promotion of ownership across stakeholders need to recognize the multiple values of biodiversity and account for remote responsibility. Second, cross-sectorial implementation and mainstreaming should adopt scalable and multifunctional ecosystem restoration approaches and target positive futures for nature and people. Third, assessment of progress and adaptive management can be informed by novel biodiversity monitoring and modeling approaches handling the multidimensionality of biodiversity change. © 2021 The Authors. Conservation Letters published by Wiley Periodicals LLC. | J20: Mentions NFF | K20: biodiversity change; global biodiversity framework; implementation; mainstreaming; monitoring; remote responsibility; restoration; scenario; values
A21: Raymond C.M.; Cebrián-Piqueras M.A.; Andersson E.; Andrade R.; Schnell A.A.; Battioni Romanelli B.; Filyushkina A.; Goodson D.J.; Horcea-Milcu A.; Johnson D.N.; Keller R.; Kuiper J.J.; Lo V.; López-Rodríguez M.D.; March H.; Metzger M.; Oteros-Rozas E.; Salcido E.; Sellberg M.; Stewart W.; Ruiz-Mallén I.; Plieninger T.; van Riper C.J.; Verburg P.H.; Wiedermann M.M. | B21: Raymond, Christopher M. (15027590900); Cebrián-Piqueras, Miguel A. (57188978790); Andersson, Erik (57208450315); Andrade, Riley (57193925116); Schnell, Alberto Arroyo (57497340500); Battioni Romanelli, Barbara (57493579300); Filyushkina, Anna (56845766100); Goodson, Devin J. (57482323500); Horcea-Milcu, Andra (55676946400); Johnson, Dana N. (57207992848); Keller, Rose (55806794100); Kuiper, Jan J. (56019760600); Lo, Veronica (56037197300); López-Rodríguez, María D. (56506718500); March, Hug (24722953900); Metzger, Marc (9635593100); Oteros-Rozas, Elisa (55255144500); Salcido, Evan (57501102200); Sellberg, My (56644679300); Stewart, William (57196057564); Ruiz-Mallén, Isabel (23470646300); Plieninger, Tobias (6603486401); van Riper, Carena J. (24336626100); Verburg, Peter H. (7003460110); Wiedermann, Magdalena M. (16231897700) | C21: 15027590900; 57188978790; 57208450315; 57193925116; 57497340500; 57493579300; 56845766100; 57482323500; 55676946400; 57207992848; 55806794100; 56019760600; 56037197300; 56506718500; 24722953900; 9635593100; 55255144500; 57501102200; 56644679300; 57196057564; 23470646300; 6603486401; 24336626100; 7003460110; 16231897700 | D21: Inclusive conservation and the Post-2020 Global Biodiversity Framework: Tensions and prospects | E21: 2022 | F21: One Earth | G21: 10.1016/j.oneear.2022.02.008 | H21: https://www.scopus.com/inward/record.uri?eid=2-s2.0-85126608408&doi=10.1016%2fj.oneear.2022.02.008&partnerID=40&md5=8bb63fe3fd405fbe6b53b36f0b0718b2 | I21: The draft Post-2020 Global Biodiversity Framework commits to achievement of equity and justice outcomes and represents a “relational turn” in how we understand inclusive conservation. Although “inclusivity” is drawn on as a means to engage diverse stakeholders, widening the framing of inclusivity can create new tensions with regard to how to manage protected areas. We first offer a set of tensions that emerge in the light of the relational turn in biodiversity conservation. Drawing on global case examples applying multiple methods of inclusive conservation, we then demonstrate that, by actively engaging in the interdependent phases of recognizing hybridity, enabling conditions for reflexivity and partnership building, tensions can not only be acknowledged but softened and, in some cases, reframed when managing for biodiversity, equity, and justice goals. The results can improve stakeholder engagement in protected area management, ultimately supporting better implementation of global biodiversity targets. © 2022 The Author(s) | J21: Mentions NFF | K21: biodiversity conservation; ecosystem services; equity; inclusive conservation; plural valuation; protected area management; values | L21: biodiversity; conceptual framework; ecosystem service; equity; protected area; stakeholder; valuation
A22: Shi X.; Matsui T.; Machimura T.; Haga C.; Hu A.; Gan X. | B22: Shi, Xiangyun (57217006705); Matsui, Takanori (35427475300); Machimura, Takashi (6603792007); Haga, Chihiro (57202847791); Hu, Ang (57203638136); Gan, Xiaoyu (56227438100) | C22: 57217006705; 35427475300; 6603792007; 57202847791; 57203638136; 56227438100 | D22: Impact of urbanization on the food–water–land–ecosystem nexus: A study of Shenzhen, China | E22: 2022 | F22: Science of the Total Environment | G22: 10.1016/j.scitotenv.2021.152138 | H22: https://www.scopus.com/inward/record.uri?eid=2-s2.0-85120883591&doi=10.1016%2fj.scitotenv.2021.152138&partnerID=40&md5=a0c1a341703ae73a31055bf601dbf7f0 | I22: The food–water–land–ecosystem (FWLE) nexus is fundamental for achieving sustainable development. This study examines the influence of urbanization on the FWLE nexus. Toward this end, land was deemed as an entry point. Therefore, the impact of urbanization on the nexus was explored based on changes in land use. We selected Shenzhen, a city in China, as the study area. First, a land change modeler was employed to analyze historical land-use changes from 2000 to 2010, to build transition potential submodels, and to project future land-use patterns for 2030 under a business-as-usual scenario. Second, based on land-use maps, we assessed habitat quality, water yield, and water supply from 2000 to 2030 using Integrated Valuation of Ecosystem Services and Tradeoffs. Moreover, crop production was estimated according to statistical materials. Finally, the study presents the analyses and discussion of the impacts of urbanization on ecosystem services related to the FWLE nexus. The results of land-use changes indicated that a significant expansion of artificial surfaces occurred in Shenzhen with varying degrees of decrease in cultivated land, forest, and grassland. Furthermore, habitat quality, water supply, and crop production decreased evidently due to rapid urbanization. In contrast, the total water yield indicated an upward trend owing to the increased water yield from increasing artificial surfaces, whereas water yield from other land-use areas declined, such as the forest and grassland. The results demonstrated a significant positive correlation between artificial surfaces and total water yield. However, negative correlations were observed in the interaction among habitat quality, water supply, and crop production. The study presented temporal and spatial assessments to provide an effective and convenient means of exploring the interactions and tradeoffs within the FWLE nexus, which, thus, contributed to the sustainable transformation of urbanization. © 2021 Elsevier B.V. | J22: Mentions NFF | K22: Ecosystem services; Food–water–land–ecosystem nexus; InVEST; Land-use changes; Urbanization | L22: China; Conservation of Natural Resources; Ecosystem; Urbanization; Water; China; Guangdong; Shenzhen; Commerce; Crops; Cultivation; Ecosystems; Forestry; Land use; water; Artificial surfaces; Crop production; Ecosystem services; Food–water–land–ecosystem nexus; Forest and grassland; Habitat quality; InVEST; Landuse change; Urbanization; Water yield; ecosystem service; land use change; trade-off; urban development; urban planning; urbanization; Article; China; crop production; cultivated land; ecosystem; ecosystem monitoring; environmental impact; environmental planning; food; forest; geographic distribution; grassland; habitat quality; land use; spatiotemporal analysis; sustainable development; urbanization; water supply; China; ecosystem; environmental protection; Water supply
A23: Weiskopf S.R.; Harmáčková Z.V.; Johnson C.G.; Londoño-Murcia M.C.; Miller B.W.; Myers B.J.E.; Pereira L.; Arce-Plata M.I.; Blanchard J.L.; Ferrier S.; Fulton E.A.; Harfoot M.; Isbell F.; Johnson J.A.; Mori A.S.; Weng E.; Rosa I.M.D. | B23: Weiskopf, Sarah R. (57188720590); Harmáčková, Zuzana V. (56090465900); Johnson, Ciara G. (57216894637); Londoño-Murcia, María Cecilia (57369206900); Miller, Brian W. (35956941000); Myers, Bonnie J.E. (57190120576); Pereira, Laura (36626441000); Arce-Plata, Maria Isabel (57103698800); Blanchard, Julia L. (55432900800); Ferrier, Simon (7004032132); Fulton, Elizabeth A. (6701680888); Harfoot, Mike (16506566900); Isbell, Forest (24474928600); Johnson, Justin A. (55543020500); Mori, Akira S. (35754888500); Weng, Ensheng (24504515100); Rosa, Isabel M.D. (36509252000) | C23: 57188720590; 56090465900; 57216894637; 57369206900; 35956941000; 57190120576; 36626441000; 57103698800; 55432900800; 7004032132; 6701680888; 16506566900; 24474928600; 55543020500; 35754888500; 24504515100; 36509252000 | D23: Increasing the uptake of ecological model results in policy decisions to improve biodiversity outcomes | E23: 2022 | F23: Environmental Modelling and Software | G23: 10.1016/j.envsoft.2022.105318 | H23: https://www.scopus.com/inward/record.uri?eid=2-s2.0-85123182669&doi=10.1016%2fj.envsoft.2022.105318&partnerID=40&md5=f7355302cddfa1d010afdcf96834824f | I23: Models help decision-makers anticipate the consequences of policies for ecosystems and people; for instance, improving our ability to represent interactions between human activities and ecological systems is essential to identify pathways to meet the 2030 Sustainable Development Goals. However, use of modeling outputs in decision-making remains uncommon. We share insights from a multidisciplinary National Socio-Environmental Synthesis Center working group on technical, communication, and process-related factors that facilitate or hamper uptake of model results. We emphasize that it is not simply technical model improvements, but active and iterative stakeholder involvement that can lead to more impactful outcomes. In particular, trust- and relationship-building with decision-makers are key for knowledge-based decision making. In this respect, nurturing knowledge exchange on the interpersonal (e.g., through participatory processes) and institutional level (e.g., through science-policy interfaces across scales) represents a promising approach. To this end, we offer a generalized approach for linking modeling and decision-making. © 2022 | J23: Mentions NFF | K23: Biodiversity-ecosystem function relationships; Co-production; Ecological modeling; Policy relevance; Stakeholder engagement | L23: Behavioral research; Decision making; Ecosystems; Knowledge based systems; Knowledge management; Sustainable development; Biodiversity-ecosystem function relationship; Co-production; Decision makers; Decisions makings; Ecological modeling; Ecosystem functions; Function relationships; Modeling results; Policy relevance; Stakeholder engagement; biodiversity; decision making; ecological modeling; policy approach; stakeholder; Biodiversity
A24: Benn S.; Edwards M.; Williams T. | B24: Benn, Suzanne (7003739018); Edwards, Melissa (55465066100); Williams, Tim (57221677280) | C24: 7003739018; 55465066100; 57221677280 | D24: Sustainability: A key idea for business and society | E24: 2021 | F24: Sustainability: A Key Idea for Business and Society | G24: 10.4324/9780429022173 | H24: https://www.scopus.com/inward/record.uri?eid=2-s2.0-85118053958&doi=10.4324%2f9780429022173&partnerID=40&md5=a3bc151ea90e1cdb46765c4e9619dcf7 | I24: The heightening impact of ecological and societal crises makes sustainability an increasingly urgent imperative, requiring a fundamental shift in how we understand and practice management and business. In this book, the authors set out the key characteristics of sustainability such as its temporal and multilevel effects and highlight the complex array of sustainability risks and opportunities for business and management. Setting business within a systems perspective, the authors outline different sustainability discourses that frame how business responds to the sustainability imperative. They call for the normative and scientific approaches to sustainability to be merged so that a new transdisciplinary approach that brings together the material and relational traditions in sustainability management is developed. Sustainability work is understood as the reframing of tools, technologies, practices and business strategies to respond to the imperative. The book concludes by highlighting dynamic features of the imperative as it is shaped by the urgent need to restore and regenerate social and ecological systems. Sustainability transitions such as the Circular Economy and Net Zero are suggested as inspiration for profound business transformation. By facing the intractable complexity associated with sustainability, this book challenges students and scholars to draw from across the sciences and social sciences to understand, reflect upon and deliver responsible business outcomes in contemporary society. © 2022 Suzanne Benn, Melissa Edwards and Tim Williams. | J24: Mentions NFF
A25: Blythe J.; Baird J.; Bennett N.; Dale G.; Nash K.L.; Pickering G.; Wabnitz C.C.C. | B25: Blythe, Jessica (55993171700); Baird, Julia (55808107500); Bennett, Nathan (36774187200); Dale, Gillian (36238721700); Nash, Kirsty L. (38862474300); Pickering, Gary (7005433299); Wabnitz, Colette C. C. (6506527945) | C25: 55993171700; 55808107500; 36774187200; 36238721700; 38862474300; 7005433299; 6506527945 | D25: Fostering ocean empathy through future scenarios | E25: 2021 | F25: People and Nature | G25: 10.1002/pan3.10253 | H25: https://www.scopus.com/inward/record.uri?eid=2-s2.0-85114186877&doi=10.1002%2fpan3.10253&partnerID=40&md5=856773be4d1da2531601a741bb43f125 | I25: Empathy for nature is considered a prerequisite for sustainable interactions with the biosphere. Yet to date, empirical research on how to stimulate empathy remains scarce. Here, we investigate whether future scenarios can promote greater empathy for the oceans. Using a pre-post empathy questionnaire, participants (N = 269) were presented with an optimistic or a pessimistic future scenario for the high seas in a virtual reality (VR) or written format. Results showed that post-test empathy levels were significantly higher than pre-test levels, indicating that future scenarios fostered ocean empathy. We also find that the pessimistic scenario resulted in greater empathy levels compared to the optimistic scenario. Finally, we found no significant difference between the VR and written conditions and found that empathy scores significantly decreased 3 months after the initial intervention. As one of the first studies to empirically demonstrate the influence of a purposeful intervention to build ocean empathy, this article makes critical contributions to advancing research on future scenarios and offers a novel approach for supporting ocean sustainability. A free Plain Language Summary can be found within the Supporting Information of this article. © 2021 The Authors. People and Nature published by John Wiley & Sons Ltd on behalf of British Ecological Society. | J25: Mentions NFF | K25: empathy; oceans; scenarios; sustainability; transformations; virtual reality
A26: Maas T.Y.; Montana J.; van der Hel S.; Kowarsch M.; Tuinstra W.; Schoolenberg M.; Mahony M.; Lucas P.L.; Kok M.; Bakkes J.; Turnhout E. | B26: Maas, Timo Y. (57224211001); Montana, Jasper (57188878919); van der Hel, Sandra (56996103400); Kowarsch, Martin (55881195200); Tuinstra, Willemijn (7801684408); Schoolenberg, Machteld (57219469894); Mahony, Martin (36548708400); Lucas, Paul L. (57189020337); Kok, Marcel (22938055800); Bakkes, Jan (12753413100); Turnhout, Esther (6507370854) | C26: 57224211001; 57188878919; 56996103400; 55881195200; 7801684408; 57219469894; 36548708400; 57189020337; 22938055800; 12753413100; 6507370854 | D26: Effectively empowering: A different look at bolstering the effectiveness of global environmental assessments | E26: 2021 | F26: Environmental Science and Policy | G26: 10.1016/j.envsci.2021.05.024 | H26: https://www.scopus.com/inward/record.uri?eid=2-s2.0-85107296797&doi=10.1016%2fj.envsci.2021.05.024&partnerID=40&md5=3741b941a5a8119621b964ab38185843 | I26: Global environmental assessments are widely considered to play a prominent role in environmental governance. However, they are also criticised for a lack of effectiveness in informing policy and decision-making. In response, GEAs have adopted a number of strategies to bolster their effectiveness, including by orienting themselves towards solutions (solution-orientation), increasing the diversity of included experts (participation), and producing more targeted assessments (contextualisation). In this article, we analyse these strategies as attempts to be effective for multiple audiences while also identifying the limitations of these strategies. Based on this analysis, we propose to conceive of GEAs as processes that are able to empower diverse actors – ranging from diplomats in international negotiations to civil society activists, or indigenous and local knowledge holders – to act towards socio-environmental objectives. Seen in this light, the effectiveness of GEAs can be improved by reflecting on which actors can benefit from assessments and how assessments can contribute to their empowerment. This strategy goes beyond current proposals that aim to strengthen the authority of assessments by boosting the scientific quality and credibility of the reports. Indeed, it complements them with an explicitly political perspective. Using examples of empowerment in different phases of GEA production and use, we argue that this reconceptualisation of effectiveness requires assessments to reflect a diversity of problem and solution frames, thereby creating entry points for the empowerment of a broad range of actors. We conclude by providing three illustrative ideas to improve effectiveness for the design and execution of assessments. © 2021 The Author(s) | J26: Mentions NFF | K26: Effectiveness; Expertise; Global environmental assessment; Science-policy interface; Values | L26: article; diplomat; empowerment; human; negotiation
A27: Pereira L.; Kuiper J.J.; Selomane O.; Aguiar A.P.D.; Asrar G.R.; Bennett E.M.; Biggs R.; Calvin K.; Hedden S.; Hsu A.; Jabbour J.; King N.; Köberle A.C.; Lucas P.; Nel J.; Norström A.V.; Peterson G.; Sitas N.; Trisos C.; van Vuuren D.P.; Vervoort J.; Ward J. | B27: Pereira, Laura (36626441000); Kuiper, Jan J. (56019760600); Selomane, Odirilwe (56741269300); Aguiar, Ana Paula D. (7005379013); Asrar, Ghassem R. (7004563395); Bennett, Elena M. (7201460901); Biggs, Reinette (16232203200); Calvin, Katherine (26640190700); Hedden, Steve (57211873389); Hsu, Angel (55243402000); Jabbour, Jason (55255955100); King, Nicholas (57196116024); Köberle, Alexandre C. (56659375700); Lucas, Paul (57189020337); Nel, Jeanne (7006694136); Norström, Albert V. (16022849300); Peterson, Garry (7402563008); Sitas, Nadia (35182045100); Trisos, Christopher (49561956200); van Vuuren, Detlef P. (7003501910); Vervoort, Joost (36054026400); Ward, James (55449075200) | C27: 36626441000; 56019760600; 56741269300; 7005379013; 7004563395; 7201460901; 16232203200; 26640190700; 57211873389; 55243402000; 55255955100; 57196116024; 56659375700; 57189020337; 7006694136; 16022849300; 7402563008; 35182045100; 49561956200; 7003501910; 36054026400; 55449075200 | D27: Advancing a toolkit of diverse futures approaches for global environmental assessments | E27: 2021 | F27: Ecosystems and People | G27: 10.1080/26395916.2021.1901783 | H27: https://www.scopus.com/inward/record.uri?eid=2-s2.0-85104543670&doi=10.1080%2f26395916.2021.1901783&partnerID=40&md5=9d40a1ce4982757e24fbb319f0c3c82c | I27: Global Environmental Assessments (GEAs) are in a unique position to influence environmental decision-making in the context of sustainability challenges. To do this effectively, however, new methods are needed to respond to the needs of decision-makers for a more integrated, contextualized and goal-seeking evaluation of different policies, geared for action from global to local. While scenarios are an important tool for GEAs to link short-term decisions and medium and long-term consequences, these current information needs cannot be met only through deductive approaches focused on the global level. In this paper, we argue that a more diverse set of futures tools operating at multiple scales are needed to improve GEA scenario development and analysis to meet the information needs of policymakers and other stakeholders better. Based on the literature, we highlight four challenges that GEAs need to be able to address in order to contribute to global environmental decision-making about the future: 1. anticipate unpredictable future conditions; 2. be relevant at multiple scales, 3. include diverse actors, perspectives and contexts; and 4. leverage the imagination to inspire action. We present a toolbox of future-oriented approaches and methods that can be used to effectively address the four challenges currently faced by GEAs. © 2021 The Author(s). Published by Informa UK Limited, trading as Taylor & Francis Group. | J27: Mentions NFF | K27: futures; Global environmental assessments; Matthias Schröter; models; scenarios; SDG17 partnerships to achieve the Goal < UN sustainable development goals; SDGs | L27: decision making; detection method; environmental assessment; integrated approach; policy approach; stakeholder; sustainability
A28: Riechers M.; Loos J.; Balázsi Á.; García-Llorente M.; Bieling C.; Burgos-Ayala A.; Chakroun L.; Mattijssen T.J.M.; Muhr M.M.; Pérez-Ramírez I.; Raatikainen K.J.; Rana S.; Richardson M.; Rosengren L.; West S. | B28: Riechers, Maraja (57211429899); Loos, Jacqueline (37115784100); Balázsi, Ágnes (57201198316); García-Llorente, Marina (25321098300); Bieling, Claudia (7801357267); Burgos-Ayala, Aracely (23488095900); Chakroun, Leila (57219709894); Mattijssen, Thomas J.M. (55657293000); Muhr, Maximilian M. (57195989186); Pérez-Ramírez, Irene (57207033063); Raatikainen, Kaisa J. (35779063200); Rana, Sakshi (57211314448); Richardson, Miles (7401976411); Rosengren, Linda (57221754168); West, Simon (56528901700) | C28: 57211429899; 37115784100; 57201198316; 25321098300; 7801357267; 23488095900; 57219709894; 55657293000; 57195989186; 57207033063; 35779063200; 57211314448; 7401976411; 57221754168; 56528901700 | D28: Key advantages of the leverage points perspective to shape human-nature relations | E28: 2021 | F28: Ecosystems and People | G28: 10.1080/26395916.2021.1912829 | H28: https://www.scopus.com/inward/record.uri?eid=2-s2.0-85105093268&doi=10.1080%2f26395916.2021.1912829&partnerID=40&md5=6d7d7e1968b7cc543ff7a3327dc1ab91 | I28: This perspective paper synthesises the special issue ‘Human-nature connectedness as a leverage point for sustainability transformation’. Based on the articles in this special issue, we aim to foster the operationalisation of the leverage points perspective to shape human-nature relations to enable sustainability transformations. Specifically, we draw on four key advantages of the leverage points perspective: (i) the explicit recognition of deep leverage points; (ii) the ability to examine the interactions between shallow and deep system changes; (iii) the combination of causal and teleological modes of research; and (iv) the ability to function as a methodological boundary object. The contributions to this special issue revealed three deep leverage points addressing paradigm shifts in research and beyond: relational thinking and values, stewardship philosophy and shifting the economic growth paradigm to focus on human well-being. We highlight interlinkages between leverage points to further strengthen the transformative potential of interventions that aim at triggering shifts in our understanding about human-nature relations. Further, we show a way to bridge causal and teleological approaches by envisioning desired futures. Lastly, we emphasise the potential of arts-based methodologies, including participatory, transdisciplinary research to foster sustainability transformation and how this can be combined within the leverage points perspective. © 2021 The Author(s). Published by Informa UK Limited, trading as Taylor & Francis Group. | J28: Mentions NFF | K28: Alexander van Oudenhoven; Human-nature connectedness; milieu; relational turn; relational values; stewardship; transformative change | L28: economic growth; environmental issue; interdisciplinary approach; methodology; nature-society relations; participatory approach; philosophy; sustainability
A29: Savilaakso S.; Lausberg N.; Garcia C.A.; Grenacher R.; Kleinschroth F.; Waeber P.O. | B29: Savilaakso, Sini (26029575000); Lausberg, Nik (57225946918); Garcia, Claude A. (21742496800); Grenacher, Raymond (57225957451); Kleinschroth, Fritz (36696457000); Waeber, Patrick O. (36545529400) | C29: 26029575000; 57225946918; 21742496800; 57225957451; 36696457000; 36545529400 | D29: Definitions of and perspectives on forests of high value: A systematic map protocol | E29: 2021 | F29: Forests | G29: 10.3390/f12070876 | H29: https://www.scopus.com/inward/record.uri?eid=2-s2.0-85109826504&doi=10.3390%2ff12070876&partnerID=40&md5=0f1159b0e976f0fbde41ec002cd81914 | I29: Forests are defined in many different ways. Apart from ecological and structural factors, associated values and provided ecosystem services are an important part of forest definitions. Typically, forest types are differentiated based on climatic regions and on degrees of human modification. A better understanding of how to distinguish different forests on the basis of the values they provide is needed to advance global policies put forward by organisations such as the Convention on Biological Diversity (CBD), the United Nations Framework Convention on Climate Change (UNFCCC), or the UN Sustainable Development Goals (SDGs). These policies so far approach all forests in a similar manner, regardless of their condition. Without this distinction, benefits stemming from forest intactness and their contribution to global environmental challenges remain unaccounted for. Forest definitions provide the basis for policies and monitoring systems driving or enabling deforestation, degradation, reforestation, and restoration. Here, we provide a systematic approach to disentangle and synthesise different value classifications of forests. As part of a collaboration between ETH Zurich, the French Agricultural Research Centre for International Development (CIRAD), the University of Liège and Biotope, Forest Stewardship Council International (FSC) commissioned a systematic map that aims to clarify how definitions of forests of high value are understood and described. Focusing on forests of high value, the systematic map will address three research questions: (1) How are various terms linked to forests of high value defined in the literature?; (2) Do definitions vary between different actors?; and (3) How common are the various definitions? Bibliographic databases and organisational websites will be searched, and internet search engines used to find relevant peer-reviewed and grey literature. The searches will be conducted in English, French and Spanish. Data extraction and coding will be performed at the same time when full texts are considered for inclusion. Definitions will be extracted as well as their respective sources and other study information. We will produce a catalogue of definitions for different terms associated with forests of high value, a narrative synthesis describing the evidence base, and visualisations illustrating the relationships between definitions and terms for forests of high value and their frequencies in the literature. © 2021 by the authors. Licensee MDPI, Basel, Switzerland. | J29: Mentions NFF | K29: Definition; Forest biodiversity hotspots; High conservation value; Indigenous people; Intact forest landscapes; Meaning; Old-growth forest; Primary forest | L29: Conservation; Deforestation; Ecosystems; Environmental Regulations; Forests; International; Maps; Reforestation; Agricultural robots; Deforestation; Ecosystems; Environmental regulations; Global warming; Information services; Reforestation; Search engines; Sustainable development; Agricultural research; Bibliographic database; Environmental challenges; Forest stewardship councils; Human modification; International development; Internet search engine; United nations framework convention on climate changes; biodiversity; conservation management; environmental management; environmental monitoring; forest management; indigenous population; old-growth forest; policy analysis; United Nations Framework Convention on Climate Change; Conservation
A30: Shi X.; Matsui T.; Haga C.; Machimura T.; Hashimoto S.; Saito O. | B30: Shi, Xiangyun (57217006705); Matsui, Takanori (35427475300); Haga, Chihiro (57202847791); Machimura, Takashi (6603792007); Hashimoto, Shizuka (24178612100); Saito, Osamu (57990138500) | C30: 57217006705; 35427475300; 57202847791; 6603792007; 24178612100; 57990138500 | D30: A scenario- and spatial-downscaling-based land-use modeling framework to improve the projections of plausible futures: a case study of the Guangdong–Hong Kong–Macao Greater Bay Area, China | E30: 2021 | F30: Sustainability Science | G30: 10.1007/s11625-021-01011-z | H30: https://www.scopus.com/inward/record.uri?eid=2-s2.0-85111131820&doi=10.1007%2fs11625-021-01011-z&partnerID=40&md5=d873f8ebf6b4cf0711b11f44249bfe2c | I30: Land-use change is a crucial driver for achieving a sustainable future. However, the uncertainties of socioeconomic development could lead to different changes in the future land-use patterns. Using a spatial downscaling framework, this study aims to explore possible land-use patterns that can help achieve sustainable development in the Guangdong–Hong Kong–Macao Greater Bay Area, China (the Greater Bay Area). The framework combines the global Shared Socioeconomic Pathways (SSPs) scenarios with local land planning policies to model land-use changes. First, the Land Change Modeler was used to analyze the land-use changes from 2000 to 2010 and build transition potential submodels each of which demonstrates transition potential of different land-use classes. Second, future projections were made for the “business-as-usual” scenario and five localized SSP scenarios that were downscaled from global scenarios and modified based on the local land planning policy. Hong Kong was considered a typical case in the Greater Bay Area that could be used to demonstrate the application of the projected land-use maps by comparing the biocapacity and ecological footprint and estimating the carbon emissions associated with land use. The results of the future projections of land use made under six future scenarios indicated that there is a significant expansion in the urban area under all the scenarios, with varying degrees of decrease in cropland and forest among the different scenarios. Moreover, a land-use change also led to the change in local biocapacity and carbon emissions. Our analysis indicated that in achieving sustainable development not only urban area and cropland should be involved for consideration but should also cover the balance between all land-use classes, and three policy implications were proposed based on our findings. © 2021, The Author(s), under exclusive licence to Springer Japan KK, part of Springer Nature. | J30: Mentions NFF | K30: Land Change Modeler; Land-use change; Localized shared socioeconomic pathways; Scenario analysis; Sustainable development
A31: Tosca M.G.; Galvin A.; Gilbert I.; Walls K.L., II; Tyler G.E.; Nastan A.M. | B31: Tosca, Mika G. (35868180800); Galvin, Adrian (57917670500); Gilbert, Ilai (57288796600); Walls, Kelvin L. (57289474300); Tyler, Grant E. (57288628800); Nastan, Abigail M. (57207685208) | C31: 35868180800; 57917670500; 57288796600; 57289474300; 57288628800; 57207685208 | D31: Reimagining futures: Collaborations between artists, designers, and scientists as a roadmap to help solve the climate crisis | E31: 2021 | F31: Elementa | G31: 10.1525/elementa.2021.00016 | H31: https://www.scopus.com/inward/record.uri?eid=2-s2.0-85116655917&doi=10.1525%2felementa.2021.00016&partnerID=40&md5=64cd871312fe58d7598dc9dc0a3eed91 | I31: As the climate crisis intensifies amid some persistent public denial of the science, there exists a necessary opportunity for scientists to engage in transdisciplinary collaborations, such as those with artists and designers, in an effort to both improve the communication of climate science, but also to bolster the production of scientific knowledge. We demonstrate how art and design can activate the human imagination and promote collaboration across disciplines in a way that the post-Enlightenment scientific endeavor has historically been unable to do and can provide a framework for developing sustainable solutions to the climate crisis. Here, we describe 2 studies that involved collaboration between artists and designers and climate scientists. The first study paired a team of designers and computer scientists with climate and atmospheric scientists from the Jet Propulsion Laboratory in an effort to (re)build an exploratory research interface for the Multi-Angle Spectroradiometer Plume Height Project dataset.This project not only produced an aesthetic visualization interface with highly improved functionality, but it also demonstrated how an improved interface can enable scientists to pursue more and “better” research hypotheses. For the second study, we worked with artists at the School of the Art Institute of Chicago to create three sonic-based art pieces that effectively communicated the science of climate change, appealed to human aesthetic judgment, and expanded the scope of our “ecological awareness.” We show that, while collaborations between artists and scientists are not necessarily novel, the integration of art, design, and science from a project's inception can improve both the production of knowledge and constitute an entry point for regular people to understand and engage with their rapidly changing planet. © 2021 The Author(s). This is an open-access article distributed under the terms of the Creative Commons Attribution 4.0 International License (CC-BY 4.0), which permits unrestricted use, distribution, and reproduction in any medium, provided the original author and source are credited. See http://creativecommons.org/licenses/by/4.0/. | J31: Mentions NFF | K31: Art and science; Climate crisis; Human-centered design; Imagination; Sustainable futures | L31: Chicago; Illinois; United States; climate effect; computer simulation; crisis management; future prospect; laboratory method; sustainability; visualization
